 Dungeon Crawl Stone Soup version 0.32-a0-132-g2d33c3cfaf (webtiles) character file.

Game seed: 17520292641366584217

1802458 particleface the Draconian Child (level 24, 207/207 HPs)
             Began as a Pale Draconian Alchemist on Feb 9, 2024.
             Was a Follower of Hepliaklqana.
             Escaped with the Orb
             ... and 3 runes!
             The game lasted 02:35:21 (56478 turns).

particleface the Draconian Child (DrAl)            Turns: 56478, Time: 02:35:21

Health: 207/207    AC: 21    Str:  9 (14) XL:     24   Next: 91%
Magic:  26/43      EV: 28    Int: 17 (20) God:    Hepliaklqana [*.....]
Gold:   2837       SH:  0    Dex: 22      Spells: 1/37 levels left

rFire   + + .        a - +9 arbalest (heavy)
rCold   + + .        (shield currently unavailable)
rNeg    . . .        (body armour unavailable)
rPois   +            J - +0 hat "Hyil" {rPois rCorr Stlth+}
rElec   +            m - +2 cloak {rF+}
rCorr   +            n - +2 pair of gloves {Dex+3}
SInv    +            T - +2 pair of boots {Stlth+}
Will    ++...        (no amulet)
Stlth   ++           w - ring "Ufy Sog" {rElec rC+ Will+ Int+2}
HPRegen 0.54/turn    F - ring "Zaczuu Fuzi" {rF+ MP+9 Str+3 SInv Stlth+}
MPRegen 0.28/turn

%: clarity
@: no status effects
A: reduced essence, breathe steam, AC +12, unfitting armour, cold-blooded, steam
resistance, stinger 1, clarity, cold resistance 1, deterioration 1, low MP 1,
screaming 1, weak 1
0: Orb of Zot
}: 3/15 runes: serpentine, barnacled, slimy
a: Breathe Steam, Renounce Religion, Recall Ancestor, Ancestor Identity


You escaped.
You worshipped Hepliaklqana.
Hepliaklqana was aware of your devotion.
You visited 9 branches of the dungeon, and saw 48 of its levels.
You visited 1 bazaar.
You also visited: Bailey and Volcano.

You collected 6728 gold pieces.
You spent 3891 gold pieces at shops.

Inventory:

Hand Weapons
 a - a +9 heavy arbalest (weapon)
   (You bought it in a shop on level 9 of the Dungeon)
Missiles
 E - 25 curare-tipped darts
Armour
 m - a +2 cloak of fire resistance (worn)
   (You found it in a volcano)
 n - a +2 pair of gloves of dexterity (worn)
   (You bought it in a shop on level 2 of the Dungeon)
 J - the +0 hat "Hyil" (worn) {rPois rCorr Stlth+}
   (You found it on level 1 of the Vaults)

   rPois:     It protects you from poison rCorr: It protects you from acid and
   corrosion.
   Stlth+:    It makes you more stealthy.
 P - a +2 hat of intelligence
   (You found it on level 1 of the Vaults)
 R - the +2 hat of Boowk {rF+}
   (You found it on level 1 of the Vaults)

   rF+:       It protects you from fire.
 T - a +2 pair of boots of stealth (worn)
   (You found it on level 10 of the Dungeon)
Jewellery
 j - the amulet of Vitality {RegenMP++ Regen++}
   (You found it on level 4 of the Shoals)

   [amulet of magic regeneration]

   RegenMP:   It increases your rate of magic regeneration.
   Regen++:   It increases your rate of health regeneration.
 p - an amulet of faith {Faith, !P}
   (You bought it in a shop on level 2 of the Orcish Mines)
 w - the ring "Ufy Sog" (left hand) {rElec rC+ Will+ Int+2}
   (You found it on level 5 of the Dungeon)

   [ring of willpower]

   Int+2:     It affects your intelligence (+2).
   rC+:       It protects you from cold.
   rElec:     It insulates you from electricity.
   Will+:     It increases your willpower.
 x - a +6 ring of dexterity
   (You bought it in a shop on level 13 of the Dungeon)
 F - the ring "Zaczuu Fuzi" (right hand) {rF+ MP+9 Str+3 SInv Stlth+}
   (You bought it in a shop on level 2 of the Orcish Mines)

   [ring of see invisible]

   Str+3:     It affects your strength (+3).
   rF+:       It protects you from fire.
   MP+9:      It affects your magic capacity (+9).
   SInv:      It lets you see invisible.
   Stlth+:    It makes you more stealthy.
 G - the ring of Ulao {rCorr Str+6 Dex+3 Stlth+}
   (You found it on level 5 of the Pits of Slime)

   [ring of strength]

   Str+6:     It affects your strength (+6).
   Dex+3:     It affects your dexterity (+3).
   rCorr:     It protects you from acid and corrosion.
   Stlth+:    It makes you more stealthy.
 I - a ring of poison resistance {rP+}
   (You found it on level 3 of the Lair of Beasts)
 V - a +6 ring of dexterity
   (You found it on level 4 of the Shoals)
Wands
 b - a wand of digging (26)
   (You found it on level 5 of the Lair of Beasts)
 i - a wand of polymorph (22)
   (You found it on level 10 of the Dungeon)
 s - a wand of paralysis (49)
   (You took it off an orc on level 4 of the Dungeon)
 v - a wand of quicksilver (35)
   (You took it off Maggie on level 7 of the Dungeon)
 O - a wand of flame (89)
   (You took it off a hobgoblin on level 9 of the Dungeon)
 X - a wand of roots (49)
   (You found it on level 10 of the Dungeon)
Scrolls
 g - 14 scrolls of teleportation {!r!d, @r3}
 k - 5 scrolls of silence
 r - 8 scrolls of vulnerability {!r!r}
 t - a scroll of blinking {!r!d}
 y - 5 scrolls of amnesia
 A - 4 scrolls of enchant weapon
 H - 3 scrolls of fog
 K - 13 scrolls of fear
 M - 7 scrolls of immolation {!r}
 U - 3 scrolls of revelation
 W - 28 scrolls of identify {@r1}
 Y - 8 scrolls of poison {!r}
Potions
 c - 3 potions of ambrosia
 f - 9 potions of invisibility
 h - 10 potions of might
 l - a potion of enlightenment
 o - 2 potions of mutation {!q}
 q - a potion of resistance
 u - 2 potions of cancellation
 B - 3 potions of brilliance
 D - 5 potions of magic
 N - 21 potions of curing {@q1, !d}
 S - 13 potions of attraction {!q}
Miscellaneous
 C - a box of beasts (inert)
   (You found it in a bailey)
 Q - a phantom mirror
   (You found it on level 4 of the Shoals)
 Z - a phial of floods
   (You found it on level 3 of the Shoals)


   Skills:
 - Level 22.0 Fighting
 - Level 18.0 Ranged Weapons
 + Level 19.7 Dodging
 - Level 4.0 Stealth
 - Level 7.0 Spellcasting
 - Level 10.0 Conjurations
 - Level 10.0 Hexes
 - Level 14.0 Translocations
 - Level 5.0 Fire Magic
 - Level 8.0 Ice Magic
 - Level 2.1 Air Magic
 - Level 10.0 Alchemy
 - Level 22.0 Invocations
 - Level 6.0 Evocations


You had one spell level left.
You knew the following spells:

 Your Spells              Type           Power      Damage    Failure   Level
a - Passage of Golubria   Tloc           52%        N/A       1%          4
b - Dimensional Bullseye  Hex/Tloc       23%        N/A       1%          4
c - Olgreb's Toxic Radia  Alch           39%        N/A       1%          4
d - Dispersal             Tloc           26%        N/A       5%          6
e - Yara's Violent Unrav  Hex/Alch       19%        3d9       5%          5
i - Irradiate             Conj/Alch      19%        3d18      5%          5
x - Mephitic Cloud        Conj/Alch/Air  31%        N/A       1%          3
A - Ozocubu's Armour      Ice            33%        N/A       1%          3
B - Blink                 Tloc           100%       N/A       1%          2

Your spell library contained the following spells:

 Spells                   Type           Power      Damage    Failure   Level
 Magic Dart               Conj           100%       1d8       1%          1
 Sting                    Conj/Alch      100%       1d9       1%          1
 Necrotise                Necr           20%        1d5       12%         1
 Mercury Vapours          Alch/Air       52%        N/A       1%          2
 Searing Ray              Conj           78%        2d7       1%          2
 Dazzling Flash           Conj/Hex       78%        N/A       1%          3
 Gell's Gravitas          Tloc           52%        N/A       1%          3
 Inner Flame              Hex/Fire       31%        N/A       1%          3
 Sigil of Binding         Hex            39%        N/A       1%          3
 Teleport Other           Tloc           52%        N/A       1%          3
 Tukima's Dance           Hex            39%        N/A       1%          3
 Volatile Blastmotes      Fire/Tloc      76%        2d16      1%          3
 Fulminant Prism          Conj/Alch      19%        3d10      1%          4
 Manifold Assault         Tloc           52%        N/A       1%          4
 Cigotuvi's Dreadful Rot  Necr/Alch/Air  38%        N/A       3%          2
 Stone Arrow              Conj/Erth      44%        3d9       4%          3
 Ignite Poison            Fire/Alch      31%        N/A       5%          4
 Sticky Flame             Fire/Alch      31%        2d7       5%          4
 Alistair's Intoxication  Alch           26%        N/A       5%          5
 Iskenderun's Battlesphe  Conj           39%        2d9       5%          5
 Brom's Barrelling Bould  Conj/Erth      22%        2d4       14%         4
 Fireball                 Conj/Fire      15%        3d8       14%         5
 Call Imp                 Summ           10%        N/A       17%         2
 Freezing Cloud           Conj/Ice/Air   14%        6-21      21%         5
 Arcjolt                  Conj/Air       13%        1d23      26%         5
 Eringya's Noxious Bog    Alch           19%        4d6       28%         6
 Call Canine Familiar     Summ           5%         N/A       34%         3
 Fugue of the Fallen      Necr           5%         N/A       34%         3
 Passwall                 Erth           5%         N/A       34%         3
 Vampiric Draining        Necr           5%         2d6       34%         3
 Sculpt Simulacrum        Ice/Alch       18%        N/A       41%         6
 Starburst                Conj/Fire      15%        6d6       63%         6
 Animate Dead             Necr           5%         N/A       75%         4
 Martyr's Knell           Necr/Summ      5%         N/A       75%         4
 Conjure Ball Lightning   Conj/Air       13%        3x3d6     82%         6
 Orb of Destruction       Conj           19%        9d8       85%         7
 Bombard                  Conj/Erth      11%        9d3       92%         6
 Borgnjor's Vile Clutch   Necr/Erth      2%         N/A       97%         5
 Curse of Agony           Necr           5%         N/A       97%         5
 Ozocubu's Refrigeration  Ice            16%        4d11      98%         7
 Death Channel            Necr           2%         N/A       100%        6
 Spellforged Servitor     Conj/Summ      11%        N/A       100%        7
 Ignition                 Fire           11%        3d5       100%        8
 Lehudib's Crystal Spear  Conj/Erth      11%        10d4      100%        8
 Maxwell's Capacitive Co  Air            6%         ∞         100%        8
 Chain Lightning          Conj/Air       13%        3d17      100%        9
 Fire Storm               Conj/Fire      15%        8d4       100%        9
 Polar Vortex             Ice            16%        12d2*     100%        9
 Shatter                  Erth           2%         3d6*      100%        9
 Animate Armour           Summ/Erth      Unusable   N/A       N/A         4

Dungeon Overview and Level Annotations

Branches:
Dungeon (15/15)            Temple (0/1) D:4            Lair (5/5) D:9
 Shoals (4/4) Lair:2        Snake (4/4) Lair:3        Slime (5/5) Lair:5
    Orc (2/2) D:12            Elf (0/3) Orc:2        Vaults (4/5) D:13
  Crypt (0/3) Vaults:2     Depths (4/4) D:15            Zot (5/5) Depths:4
 Bailey (visited)         Volcano (visited)

Altars:
Elyvilon
Fedhas
Hepliaklqana
Kikubaaqudgha
Makhleb
Nemelex Xobeh
Trog
Vehumet
Wu Jian
Zin
Jiyva

Shops:
D:2 *   D:9 :(*?   D:13 =   Orc:1 ?   Orc:2 [(:=   Snake:4 *   Vaults:1 [
Vaults:4 (

Portals:
Hell: Depths:1 Depths:2 Depths:3 Depths:4
Abyss: Depths:2 Depths:3
Pandemonium: Depths:2
Ziggurat: Depths:1
Trove: D:15 (give +2 gold dragon scales)

Annotations:
D:4 Pikel
D:8 exclusion: downstairs
Snake:2 2 runed translucent doors, Jeykid's ghost, adept DgFE
Depths:2 exclusion: vampire knight
Depths:3 exclusions: obsidian statue and royal mummy
Zot:3 2 transporters


Innate Abilities, Weirdness & Mutations

Your life essence is reduced to manifest your ancestor. (-10% HP)
You can breathe blasts of scalding, opaque steam.
Your pale cyan-grey scales are hard. (AC +12)
You cannot fit into any form of body armour.
You are cold-blooded and may be slowed by cold attacks.
You are immune to the effects of steam.
Your tail ends in a venomous barb.
You possess an exceptional clarity of mind.
Your flesh is cold resistant. (rC+)
Your body sometimes deteriorates upon taking damage.
Your magical capacity is low. (-10% MP)
You occasionally shout uncontrollably at your foes.
You are weak. (Str -2)


Message History

(Z) Zot
Where to? (Tab/Enter - D:1, ? - help)
There is a stone staircase leading up here.
You climb upwards.
There is a stone staircase leading down here.
A Brimstone Fiend comes into view.
Unknown command.
You shoot a bolt. The bolt hits the Brimstone Fiend!!!
LETSGOJUSTIN hits the Brimstone Fiend with a +0 broad axe of speed!
LETSGOJUSTIN hits the Brimstone Fiend with a +0 broad axe of speed.
You shoot a bolt. LETSGOJUSTIN avoids your attack.
The bolt hits the Brimstone Fiend!!!
You kill the Brimstone Fiend!
No target in view!
No target in view!
Hepliaklqana grants LETSGOJUSTIN healing and protection!
You now have 40/43 mp.
MP restored: 43 LETSGOJUSTIN is no longer moving quickly.
You see here a rat skeleton.
There is a staircase leading out of the dungeon here.
No target in view!
Hepliaklqana grants LETSGOJUSTIN healing and protection!
You now have 40/43 mp.
Hepliaklqana grants LETSGOJUSTIN healing and protection!
You now have 37/43 mp.
Hepliaklqana grants LETSGOJUSTIN healing and protection!
You now have 34/43 mp.
Hepliaklqana grants LETSGOJUSTIN healing and protection!
You now have 31/43 mp.
Hepliaklqana grants LETSGOJUSTIN healing and protection!
You now have 28/43 mp.
Hepliaklqana grants LETSGOJUSTIN healing and protection!
You now have 26/43 mp.
Hepliaklqana grants LETSGOJUSTIN healing and protection!
You now have 23/43 mp.
Hepliaklqana grants LETSGOJUSTIN healing and protection!
You now have 20/43 mp.
Hepliaklqana grants LETSGOJUSTIN healing and protection!
You now have 17/43 mp.
Hepliaklqana grants LETSGOJUSTIN healing and protection!
You no longer drain nearby creatures when transferring your ancestor.
You now have 14/43 mp.
Hepliaklqana grants LETSGOJUSTIN healing and protection!
You now have 11/43 mp.
You start removing your amulet.
You continue taking off the amulet of Vitality {RegenMP++ Regen++}. x4
You finish taking off the amulet of Vitality {RegenMP++ Regen++}.
You regained 5 mp, and now have 16/43 mp.
You see here a rat skeleton.
Really put on
p - an amulet of faith {Faith, !P}?
You start putting on your amulet.
You continue putting on your amulet of faith {Faith, !P}. x5
You finish putting on your amulet of faith {Faith, !P}.
You feel a surge of divine interest.
p - an amulet of faith (around neck) {Faith, !P}
There is a staircase leading out of the dungeon here.
Really remove
p - an amulet of faith {Faith, !P}?
You start removing your amulet.
You continue taking off your amulet of faith {Faith, !P}. x4
You finish taking off your amulet of faith {Faith, !P}.
Hepliaklqana seems less interested in you.
You feel less pious.
You can no longer heal and protect your ancestor.
You regained 2 mp, and now have 20/43 mp.
Unknown command.
Really put on
p - an amulet of faith {Faith, !P}?
You start putting on your amulet.
You continue putting on your amulet of faith {Faith, !P}. x5
You finish putting on your amulet of faith {Faith, !P}.
You feel a surge of divine interest.
p - an amulet of faith (around neck) {Faith, !P} Unknown command.
Unknown command.
Really remove
p - an amulet of faith {Faith, !P}?
You start removing your amulet.
You continue taking off your amulet of faith {Faith, !P}. x4
You finish taking off your amulet of faith {Faith, !P}.
Hepliaklqana seems less interested in you.
You feel less pious.
You can no longer swap creatures with your ancestor.
Unknown command.
Really put on
p - an amulet of faith {Faith, !P}?
You start putting on your amulet.
You continue putting on your amulet of faith {Faith, !P}. x5
You finish putting on your amulet of faith {Faith, !P}.
You feel a surge of divine interest.
p - an amulet of faith (around neck) {Faith, !P} You regained 2 mp, and now have 24/43 mp.
Unknown command.
Unknown command.
Really remove
p - an amulet of faith {Faith, !P}?
You start removing your amulet.
You continue taking off your amulet of faith {Faith, !P}. x4
You finish taking off your amulet of faith {Faith, !P}.
Hepliaklqana seems less interested in you.
You feel less pious.
Unknown command.
Unknown command.
You have escaped!

#....#.# #.# ####.#.# #.# #.#.#
#.#
#######################...#####.#
..........†..........###.........
###....#############)# ##.....÷..
........########## #.# #........
###.....##...+.R.# #.# #..####.#
#.....##.#.#.#@# #.# #..## #.#
#####.####.#.#####.# #...###.#
#.#.........##.# #.#...#.#
#.#.##...##.##.####)###.#.#
#.#..#...#..##).........#.#
#.####...####.....####....# #.#
#.............# #....# #.#
#.#######.....# #.#.># #.# #.#
#.....# #.####


You could see the friendly LETSGOJUSTIN the knight (idealised, reflecting).

Vanquished Creatures
  the Royal Jelly (Slime:5)
  Frederick (Depths:3)
  2 dread liches (Zot:5)
  2 ancient liches (Zot:5)
  7 orbs of fire (Zot:5)
  Vv (Depths:3)
  2 Killer Klowns (Zot:5)
  Vashnia (Snake:3)
  5 curse toes (Zot:1 Zot:3 Zot:5)
  11 golden dragons (Depths:2 Depths:4 Zot:1 Zot:2 Zot:3)
  Nikola (Depths:1)
  A Brimstone Fiend (D:1)
  5 electric golems (Zot:2 Zot:3 Zot:4 Zot:5)
  13 tentacled monstrosities (Snake:3 Depths:2 Zot:1 Zot:2 Zot:3)
  2 liches (Vaults:1 Depths:2)
  A walking earthen tome (Depths:2)
  Mlioglotl (Shoals:3)
  12 Orb Guardians (Zot:5 D:12)
  8 quicksilver dragons (Zot:2 Zot:3 Zot:5)
  6 sphinxes (Vaults:1 Vaults:2 Vaults:3 Depths:1 Depths:3)
  6 acid blobs (Slime:1 Slime:4 Slime:5)
  6 death cobs (Zot:1 Zot:2 Zot:5)
  2 Executioners (Zot:1)
  Polyphemus (Shoals:2)
  A thorn hunter (Snake:3)
  2 tengu reavers (Vaults:1 Depths:2)
  4 shadow dragons (Depths:4 Zot:1 Zot:5)
  Agnes (D:14)
  10 storm dragons (Zot:1 Zot:2 Zot:3 Zot:5)
  6 nagarajas (Snake:2 Snake:3 Snake:4)
  10 protean progenitors (Zot:1 Zot:2 Zot:3)
  7 rockslimes (Slime:5 Slime:4)
  4 azure jellies (Slime:2 Slime:3 Slime:4)
  6 fire giants (Depths:1 Depths:2 Depths:3 Depths:4)
  3 draconian knights (Zot:1 Zot:4)
  6 draconian monks (Zot:1 Zot:2 Zot:3 Zot:4)
  4 vault wardens (Vaults:1 Vaults:3)
  3 balrugs (Zot:1)
  4 frost giants (Depths:1 Depths:2 Depths:4)
  An iron dragon (Depths:2)
  8 draconian scorchers (Zot:1 Zot:2 Zot:4 Zot:5)
  A curse skull (Vaults:2)
  2 draconian stormcallers (Zot:1 Zot:2)
  Louise (Snake:3)
  6 draconian shifters (Depths:4 Zot:1 Zot:3 Zot:4 Zot:5)
  An orc warlord (Orc:1)
  10 draconian annihilators (Depths:4 Zot:1 Zot:2 Zot:3 Zot:4)
  3 ironbound thunderhulks (Vaults:1 Vaults:3 Vaults:4)
  12 ironbound preservers (Vaults:1 Vaults:2 Vaults:3 Vaults:4)
  5 quicksilver oozes (Slime:5 Slime:4)
  A spriggan defender (Depths:2)
  6 stone giants (D:15 Depths:3 Depths:4)
  A formless jellyfish (Vaults:3)
  8 very ugly things (D:15 Depths:2 Depths:3)
  8 green draconians (Depths:4 Zot:1 Zot:2 Zot:3 Zot:5)
  A juggernaut skeleton (Depths:2)
  A vampire knight (Depths:2)
  A lorocyproca (D:2)
  2 eleionomae (Shoals:3)
  5 white draconians (Zot:1 Zot:2 Zot:4)
  5 yellow draconians (Depths:4 Zot:1 Zot:4 Zot:5)
  10 purple draconians (Zot:1 Zot:2 Zot:4 Zot:5)
  7 red draconians (Depths:4 Zot:1 Zot:2 Zot:4 Zot:5)
  12 black draconians (Zot:1 Zot:2 Zot:3 Zot:5)
  8 ettins (Orc:1 Depths:2 Depths:3 Depths:4 Zot:1)
  8 merfolk impalers (Shoals:1 Shoals:3 Shoals:4)
  3 merfolk javelineers (Shoals:4)
  6 blizzard demons (Depths:1 Zot:1)
  3 fire dragons (Depths:1 Depths:2)
  2 entropy weavers (Vaults:2 Vaults:4)
  A crystal guardian (Vaults:4)
  2 jiangshi (Depths:1)
  7 yaktaur captains (Vaults:1 Vaults:3 Vaults:4)
  5 great orbs of eyes (Vaults:1 Vaults:2 Vaults:3 Slime:4 D:14)
  5 vault guards (D:13 Vaults:4)
  Erolcha (D:10)
  2 ice dragons (D:15 Depths:4)
  2 salamander tyrants (Snake:2 Snake:4)
  A spriggan air mage (Depths:1)
  5 hydras (Lair:3 D:14 Snake:3)
  9 anacondas (Snake:1 Snake:2 Snake:4 Zot:3)
  A peacekeeper (Vaults:4)
  3 alligators (Snake:3)
  3 merfolk avatars (Shoals:4)
  6 boulder beetles (D:13 Vaults:1 Vaults:3 Zot:3)
  3 catoblepae (Lair:4 Lair:5)
  3 merfolk aquamancers (Shoals:1 Shoals:4)
  5 satyrs (Shoals:3 Shoals:4)
  3 two-headed ogres (D:11 D:12)
  9 ironbound frosthearts (Vaults:1 Vaults:2 Vaults:3 Vaults:4)
  6 centaur warriors (D:15 Shoals:3 Vaults:1)
  A radroach (Zot:3)
  8 deep troll earth magi (Depths:2 Depths:3 Depths:4)
  A deep troll shaman (Depths:3)
  4 tengu warriors (D:15 Depths:4)
  3 orc high priests (Orc:2)
  13 naga warriors (Snake:1 Snake:2 Snake:4 Snake:3)
  14 naga sharpshooters (Snake:1 Snake:2 Snake:3 Snake:4)
  Urug (Lair:5)
  2 vampire magi (Depths:1)
  23 death yaks (Lair:3 Lair:5 Lair:4 Shoals:2)
  2 spriggan berserkers (Depths:2)
  3 hell hogs (Depths:4)
  4 shock serpents (Snake:2 Snake:4)
  11 hell knights (Depths:2 Depths:1 Depths:3 Depths:4)
  A sun demon (Depths:4)
  A deep elf knight (D:13)
  A soul eater (Depths:4)
  7 salamander mystics (Snake:3 Snake:4)
  8 skeletal warriors (Volcano D:14 Vaults:2)
  2 iron trolls (Depths:4)
  4 skysharks (Lair:5 Shoals:1 Shoals:2)
  6 goliath frogs (Snake:3 Zot:1 Zot:3)
  7 sea snakes (Shoals:1 Shoals:2 Shoals:4 Zot:2)
  A flayed ghost (Depths:1)
  11 mana vipers (Snake:1 Snake:2 Snake:3 Snake:4 Zot:3)
  2 glowing orange brains (Depths:3)
  A shadow demon (D:6)
  A tengu zombie (Depths:2)
  An arcanist (Vaults:4)
  56 deep trolls (Vaults:1 Vaults:2 Vaults:3 Vaults:4 Depths:2)
  A deep elf archer (D:13)
  4 naga ritualists (Snake:2 Snake:3 Snake:4)
  5 lindwurms (Vaults:1 Vaults:4)
  9 orc knights (Orc:1 Orc:2 D:13)
  3 swamp dragons (Snake:3)
  13 harpies (Shoals:1 Shoals:4 Vaults:4)
  3 phantasmal warriors (Vaults:2 Depths:4)
  6 ironbound convokers (Vaults:1 Vaults:4)
  27 ugly things (D:14 D:15 Vaults:3 Vaults:4 Depths:1)
  A wolf spider (D:15)
  4 necromancers (Vaults:1 Depths:2 Depths:4)
  7 orc sorcerers (Orc:2 D:13)
  6 cyclopes (D:12 D:13 D:15)
  24 fauns (Shoals:1 Shoals:3 Shoals:4)
  3 deep elf pyromancers (D:12 D:14)
  3 meliai (D:15)
  7 merfolk sirens (Shoals:1 Shoals:2 Shoals:4)
  11 manticores (Lair:3 Lair:5 D:12 D:13 Shoals:1)
  14 salamanders (Lair:3 Snake:1 Snake:2 Snake:3 Snake:4)
  2 shining eyes (Slime:1 Slime:5)
  23 moths of wrath (Zot:1 Zot:2 Zot:3 Zot:4 Zot:5)
  A fire giant skeleton (Depths:2)
  A rust devil (Depths:3)
  An eye of devastation (Slime:5)
  2 large abominations (Depths:3)
  47 slime creatures (D:13 D:15 Vaults:1 Vaults:2 Vaults:3)
  7 gargoyles (D:10 Volcano D:13)
  A smoke demon (Depths:4)
  21 black mambas (D:9 Lair:3 Lair:4 Lair:5 Snake:1)
  5 vault sentinels (Vaults:2 Vaults:3)
  4 kobold blastminers (Orc:1 Orc:2)
  Maggie (D:7)
  9 water nymphs (Shoals:1 Shoals:3 Shoals:4)
  2 orange demons (Depths:3)
  12 naga magi (Snake:1 Snake:2 Snake:3 Snake:4 Vaults:1)
  4 guardian serpents (Snake:1 Snake:4 Snake:3)
  17 cane toads (D:9 Lair:1 Lair:2 Lair:3 Lair:4)
  Jeremiah (D:8)
  3 unseen horrors (D:13 Depths:3)
  6 rime drakes (Lair:1 Lair:2 Lair:3 Lair:4)
  A hellion (Depths:4)
  3 komodo dragons (Lair:3 Lair:5 D:12)
  4 kobold demonologists (D:9 D:12)
  2 freezing wraiths (Snake:2)
  13 yaktaurs (Vaults:1 Vaults:3 Vaults:4)
  3 tengu conjurers (Vaults:1 Depths:4)
  2 efreet (D:13 D:14)
  A red devil (Zot:5)
  A guardian mummy (Depths:3)
  A hellwing (Depths:3)
  A polar bear (Lair:5)
  A shadow dragon simulacrum (Depths:2)
  9 trolls (D:9 D:12 Orc:1 Orc:2 D:14)
  11 hornets (D:8 Lair:3 Depths:2)
  11 merfolk (Shoals:1 Shoals:2 Shoals:3 Shoals:4)
  A tyrant leech (Snake:3)
  5 wind drakes (Shoals:1 Shoals:2 Shoals:4)
  Grinder (D:3)
  9 snapping turtles (Shoals:1 Shoals:2 Shoals:4)
  6 blink frogs (Lair:1 Lair:5)
  8 glass eyes (Depths:2 Slime:1 Slime:2 Zot:1)
  Sigmund (D:6)
  A ynoxinul (D:6)
  3 spriggans (Depths:2)
  6 wraiths (D:9 D:10 Orc:1 D:13)
  43 yaks (D:8 D:9 D:10 Lair:1 Lair:3)
  18 water elementals (Shoals:1 Shoals:2 Shoals:4 Depths:1 D:15)
  10 wyverns (Lair:2 Lair:3 Lair:4 Lair:5)
  3 fire elementals (D:12 D:11)
  A human (D:13)
  A golden eye (Slime:5)
  9 basilisks (Lair:1 Lair:3 Lair:5)
  13 vampire mosquitoes (D:12 D:13 D:14)
  A neqoxec (Depths:3)
  6 redbacks (Vaults:2 Vaults:4)
  2 chaos spawn (Depths:3)
  28 nagas (Lair:3 Snake:1 Snake:2 Snake:3 Snake:4)
  7 small abominations (Depths:3)
  2 swamp worms (Snake:3)
  5 hell hounds (Lair:3 D:12)
  11 water moccasins (Lair:1 Lair:3 Lair:4 Lair:5)
  2 black bears (D:7 Lair:4)
  21 orc warriors (Bailey D:12 Orc:1 Orc:2 D:13)
  An ice beast (D:8)
  5 ogres (D:5 Orc:1 Orc:2 D:13)
  13 centaurs (D:6 Bailey D:9 D:15 Shoals:3)
  10 wolves (Lair:4 Lair:5 Vaults:2)
  2 lemures (D:4 D:3)
  A weeping skull (Volcano)
  4 bullfrogs (D:6 Lair:1 Lair:4)
  6 kobold brigands (D:8 D:9 D:10 D:12)
  A gnoll sergeant (D:9)
  4 scorpions (D:4 D:6 D:7)
  8 wights (D:6)
  A knight (Orc:1)
  Dowan (D:7)
  14 killer bees (D:9 D:10)
  A troll skeleton (Volcano)
  An electric eel (Lair:1)
  A spriggan skeleton (Volcano)
  A bombardier beetle (D:6)
  A hound (D:5)
  A gnoll bouda (D:9)
  21 orc priests (D:7 D:8 D:12 Orc:1 Orc:2)
  A sleepcap (D:6)
  2 iguanas (D:4)
  21 orc wizards (D:5 D:7 D:8 D:11 D:12)
  5 hell rats (Lair:3)
  2 mummies (Depths:3)
  10 gnolls (D:9 D:12)
  9 adders (D:2 D:3 D:4 D:5 D:6)
  A ribbon worm (D:3)
  6 dart slugs (D:1 D:2 D:3 D:4)
  111 orcs (D:4 D:5 D:7 Bailey D:8)
  12 ball pythons (D:1 D:2 D:4)
  9 endoplasms (D:1 D:3 D:4)
  3 giant cockroaches (D:2 D:3 D:4)
  6 goblins (D:1 D:2 D:3)
  5 hobgoblins (D:1 D:2 D:9)
  6 jackals (D:2 D:1 D:3)
  40 kobolds (D:1 D:3 D:4 D:8 D:9)
  4 quokkas (D:1 D:3 D:5)
  2 bats (D:1 D:4)
  2 frilled lizards (D:1 D:3)
  11 kobold skeletons (D:9)
  4 kobold zombies (D:9)
  13 rats (D:1 D:2 D:3)
  An aspiring flesh (Zot:3)
1592 creatures vanquished.

Vanquished Creatures (collateral kills)
  A golden dragon (Zot:2)
  5 tentacled monstrosities (Zot:2 Zot:4 Zot:5)
  An Ice Fiend (D:6)
  Jorgrun (Snake:3)
  11 Orb Guardians (Zot:5)
  3 acid blobs (Slime:5 Slime:4)
  A sphinx (Depths:4)
  3 death cobs (Zot:2 Zot:4 Zot:5)
  A storm dragon (Zot:3)
  A shadow dragon (Zot:2)
  A protean progenitor (Zot:3)
  2 nagarajas (Snake:4)
  3 azure jellies (Slime:5)
  2 rockslimes (Slime:5)
  Ilsuiw (Shoals:4)
  2 draconian knights (Zot:4 Zot:5)
  A draconian shifter (Zot:5)
  A vault warden (Vaults:4)
  A fire giant (Depths:1)
  3 frost giants (Depths:2 Depths:3 Depths:4)
  A ghost moth (Zot:5)
  5 ironbound preservers (Vaults:1 Vaults:3 Vaults:4)
  2 draconian stormcallers (Zot:5)
  2 quicksilver oozes (Slime:2 Slime:5)
  A stone giant (Depths:4)
  2 very ugly things (Depths:3)
  A formless jellyfish (Slime:5)
  A green draconian (Zot:2)
  A vampire knight (Depths:4)
  2 ironbound thunderhulks (Vaults:1)
  2 spark wasps (Zot:1)
  3 black draconians (Zot:1 Zot:2)
  A deep elf death mage (Vaults:2)
  4 red draconians (Depths:4 Zot:1 Zot:3 Zot:4)
  A white draconian (Zot:4)
  A yellow draconian (Zot:3)
  A purple draconian (Zot:3)
  Azrael (D:12)
  2 merfolk impalers (Shoals:1 Shoals:4)
  A crystal guardian (Vaults:4)
  2 ettins (Depths:1 Zot:1)
  A merfolk javelineer (Shoals:4)
  5 fire dragons (Depths:1 Depths:2 Depths:3 Depths:4)
  A yaktaur captain (Vaults:3)
  Josephine (Orc:1)
  An entropy weaver (Vaults:3)
  2 ice dragons (Depths:1 Depths:2)
  A vault guard (Vaults:1)
  2 hydras (D:9 Snake:3)
  A great orb of eyes (Vaults:1)
  2 catoblepae (Lair:5 Shoals:2)
  A centaur warrior (D:13)
  2 merfolk avatars (Shoals:4)
  A salamander tyrant (Snake:2)
  2 ironbound frosthearts (Vaults:2 Vaults:3)
  2 anacondas (Zot:3)
  Erica (D:9)
  A radroach (Zot:3)
  4 naga warriors (Snake:2 Snake:4 Snake:3)
  A satyr (Shoals:3)
  A two-headed ogre (D:10)
  A death knight (D:15)
  A merfolk aquamancer (Shoals:4)
  A deep troll shaman (Depths:4)
  7 death yaks (Lair:4 Lair:5)
  4 naga sharpshooters (Snake:2 Snake:3 Snake:4)
  A spriggan berserker (Depths:4)
  A deep elf knight (D:13)
  2 shock serpents (Snake:2 Snake:4)
  A hell knight (Depths:3)
  An iron troll (Depths:4)
  A salamander mystic (Depths:4)
  A skyshark (Shoals:1)
  A quicksilver dragon simulacrum (Depths:2)
  4 sea snakes (Shoals:4 Zot:2)
  10 deep trolls (Vaults:1 Vaults:3 Vaults:4 Depths:2 Depths:3)
  2 arcanists (Vaults:3)
  2 glowing orange brains (Depths:3 Depths:4)
  3 lindwurms (Vaults:1 Vaults:3 Vaults:4)
  2 anaconda skeletons (Volcano)
  3 ironbound convokers (Vaults:1 Vaults:2 Vaults:3)
  A harpy (Vaults:4)
  A mana viper (Snake:4)
  2 naga ritualists (Snake:2 Snake:4)
  A large abomination (Depths:3)
  3 fauns (Shoals:3 Shoals:4)
  An orc sorcerer (Orc:2)
  3 ugly things (Vaults:3 Depths:3 Zot:2)
  4 manticores (Lair:5 D:12 Shoals:1 Shoals:4)
  2 shining eyes (Slime:2 Slime:5)
  6 salamanders (Snake:1 Snake:2 Snake:3 Snake:4 Depths:4)
  3 moths of wrath (Zot:2 Zot:4)
  4 black mambas (Lair:4 Snake:3 Snake:4)
  2 vault sentinels (Vaults:3)
  Joseph (D:7)
  A kobold blastminer (Orc:2)
  2 naga magi (Snake:2 Vaults:1)
  3 smoke demons (Depths:4)
  A guardian serpent (Snake:4)
  6 merfolk sirens (Lair:2 Shoals:3 Shoals:4)
  3 water nymphs (Shoals:1 Shoals:2)
  A komodo dragon (Lair:5)
  3 cane toads (Lair:1 Lair:4)
  An efreet (D:14)
  A freezing wraith (Snake:2)
  4 rime drakes (Lair:1 Lair:3)
  3 yaktaurs (Vaults:1 Vaults:3)
  A tengu conjurer (D:13)
  6 merfolk (Shoals:1 Shoals:2 Shoals:4)
  A troll (Orc:1)
  A wind drake (Shoals:4)
  A tyrant leech (Snake:3)
  A snapping turtle (Shoals:3)
  2 blink frogs (Lair:1 Lair:5)
  19 slime creatures (D:13 D:14 D:15 Vaults:1 Vaults:2)
  A spriggan (Depths:2)
  3 wyverns (D:7 Lair:3)
  2 water elementals (Shoals:1 D:15)
  A basilisk (Lair:3)
  A neqoxec (D:6)
  13 yaks (D:8 D:9 D:10 Lair:1 Lair:3)
  2 steam dragons (D:8 D:10)
  5 nagas (Lair:3 Snake:1 Snake:3 Snake:4)
  A swamp worm (Snake:3)
  4 water moccasins (D:4 Lair:1 Lair:5)
  Duvessa (D:7)
  16 orc warriors (D:7 Bailey D:9 Orc:1 Orc:2)
  A laughing skull (Volcano)
  A wolf (Lair:4)
  A lemure (D:4)
  6 centaurs (D:7 Bailey)
  2 kobold brigands (D:9)
  3 bullfrogs (D:7 Lair:1 Lair:4)
  A gnoll sergeant (D:12)
  A small abomination (Depths:3)
  A wight (D:5)
  4 killer bees (D:9 D:10)
  A spriggan skeleton (Volcano)
  2 howler monkeys (D:10)
  A troll skeleton (Volcano)
  5 hounds (D:5 D:6 D:7)
  2 jellies (D:5 D:6)
  4 orc priests (D:5 D:8 Orc:2)
  A sleepcap (D:5)
  6 orc wizards (D:8 Orc:1 Orc:2)
  2 hell rats (Lair:3)
  A gnoll (D:9)
  2 shadow imps (D:9)
  A white imp (D:6)
  18 orcs (D:4 D:7 Bailey D:8 D:12)
  A quokka (D:4)
  7 kobolds (D:9 D:12)
  2 kobold skeletons (D:9)
  A kobold zombie (D:9)
  An aspiring flesh (Zot:3)
388 creatures vanquished.

Vanquished Creatures (others)
  An ancient lich (Zot:5)
  A draconian knight (Zot:5)
  A draconian annihilator (Zot:1)
  2 stone giants (Depths:2 Depths:4)
  A white draconian (Zot:3)
  A fire dragon (Depths:1)
  An ice dragon (Depths:1)
  A centaur warrior (Vaults:1)
  An ugly thing (Depths:1)
  3 yaktaurs (Vaults:1 Vaults:3)
  A water elemental (Depths:1)
  A naga (Snake:2)
  51 knights (Bailey D:9 Lair:3 Lair:4 Lair:5)
  An orc wizard (Orc:1)
  3 ancestors (D:4 D:5 D:6)
70 creatures vanquished.

Grand Total: 2050 creatures vanquished

Notes
Turn   | Place    | Note
-------+----------+-------------------------------------------
     0 | D:1      | particleface the Draconian Alchemist began the quest for
                  | the Orb.
     0 | D:1      | Reached XP level 1. HP: 14/14 MP: 3/3
    78 | D:1      | Reached skill level 2 in Stealth
    78 | D:1      | HP: 5/14 [dart slug/slug dart (6)]
    87 | D:1      | Reached skill level 1 in Fighting
   218 | D:1      | Reached skill level 1 in Air Magic
   218 | D:1      | Reached XP level 2. HP: 23/23 MP: 1/5
   221 | D:1      | Learned a level 2 spell: Mercury Vapours
   945 | D:1      | Reached skill level 2 in Conjurations
  1128 | D:2      | Reached XP level 3. HP: 28/28 MP: 4/6
  1166 | D:2      | Found Gutaxob's Assorted Antiques.
  1171 | D:2      | Learned a level 3 spell: Mephitic Cloud
  1379 | D:2      | Reached skill level 2 in Air Magic
  1496 | D:2      | Found a faded altar of an unknown god.
  1975 | D:3      | Reached XP level 4. HP: 28/35 MP: 0/8
  2189 | D:3      | Reached skill level 3 in Spellcasting
  2366 | D:3      | Noticed Grinder
  2379 | D:3      | HP: 13/35 [Grinder/nerve-wracking pain (14)]
  2380 | D:3      | Paralysed by Grinder for 5 turns
  2385 | D:3      | HP: 9/35 [Grinder (6)]
  2385 | D:3      | HP: 4/35 [Grinder (5)]
  2392 | D:3      | Gained mutation: You are frail. (-10% HP) [potion of
                  | mutation]
  2392 | D:3      | Gained mutation: You are dopey. (Int -2) [potion of
                  | mutation]
  2392 | D:3      | Lost mutation: You are frail. (-10% HP) [potion of
                  | mutation]
  2397 | D:3      | HP: 17/35 [bat (1)]
  2407 | D:4      | HP: 17/35 [iguana (1)]
  2562 | D:4      | Noticed a lemure
  2562 | D:4      | Noticed a lemure
  2562 | D:4      | Noticed Pikel
  2563 | D:4      | Noticed a lemure
  2563 | D:4      | Noticed a lemure
  2638 | D:3      | Found a hazy altar of Hepliaklqana.
  2660 | D:3      | Became a worshipper of Hepliaklqana the Forgotten
  3236 | D:4      | Reached XP level 5. HP: 40/40 MP: 9/9
  3285 | D:4      | Reached skill level 4 in Alchemy
  3285 | D:4      | Reached skill level 1 in Evocations
  3366 | D:4      | Reached skill level 2 in Fighting
  3587 | D:4      | Killed a lemure
  3679 | D:4      | Found a staircase to the Ecumenical Temple.
  3919 | D:3      | Killed Grinder
  3920 | D:3      | Reached skill level 3 in Fighting
  3920 | D:3      | Reached skill level 5 in Alchemy
  3920 | D:3      | Reached XP level 6. HP: 44/51 MP: 10/10
  4022 | D:3      | Learned a level 4 spell: Olgreb's Toxic Radiance
  4046 | D:4      | Reached * piety under Hepliaklqana
  4603 | D:5      | Entered Level 5 of the Dungeon
  4605 | D:5      | Noticed a water moccasin
  4614 | D:4      | HP: 17/45 [water moccasin (7)]
  4614 | D:4      | Killed a water moccasin
  4615 | D:4      | Reached skill level 6 in Alchemy
  4615 | D:4      | Your scales start taking on a pale cyan-grey colour.
  4615 | D:4      | Reached XP level 7. HP: 20/51 MP: 11/11
  4615 | D:4      | Gained mutation: You are immune to the effects of steam.
                  | [Pale Draconian growth]
  4619 | D:4      | HP: 15/51 [poisoned by a water moccasin]
  4954 | D:5      | Identified the ring "Ufy Sog" {rElec rC+ Will+ Int+2}
  5138 | D:5      | Found a bloodstained altar of Trog.
  5166 | D:5      | Reached skill level 7 in Alchemy
  5619 | D:6      | Reached skill level 4 in Spellcasting
  5620 | D:6      | Reached skill level 1 in Fire Magic
  5629 | D:5      | Reached skill level 2 in Fire Magic
  5750 | D:6      | Noticed Sigmund
  5757 | D:6      | Reached skill level 3 in Fire Magic
  5757 | D:6      | Reached XP level 8. HP: 56/56 MP: 12/14
  5759 | D:6      | Killed Sigmund
  5760 | D:6      | Reached skill level 4 in Fire Magic
  5767 | D:6      | Learned a level 4 spell: Sticky Flame
  5891 | D:6      | Reached skill level 5 in Fire Magic
  6114 | D:6      | Reached ** piety under Hepliaklqana
  6123 | D:6      | Reached skill level 8 in Alchemy
  6139 | D:6      | Reached skill level 4 in Fighting
  6443 | D:6      | Reached skill level 5 in Fighting
  6443 | D:6      | Remembered your ancestor LETSGOJUSTIN as a knight
  6452 | D:6      | Reached skill level 2 in Evocations
  6553 | D:6      | Reached XP level 9. HP: 39/67 MP: 5/15
  6685 | D:6      | Reached skill level 1 in Ranged Weapons
  6897 | D:7      | Noticed Joseph
  7076 | D:7      | Reached skill level 2 in Ranged Weapons
  7249 | D:7      | Reached skill level 3 in Ranged Weapons
  7273 | D:7      | Found a flagged portal.
  7283 | D:7      | Reached skill level 4 in Ranged Weapons
  7306 | Bailey   | Entered a bailey
  7454 | Bailey   | Reached skill level 5 in Ranged Weapons
  7617 | Bailey   | Reached skill level 6 in Ranged Weapons
  7820 | Bailey   | Reached skill level 7 in Ranged Weapons
  7949 | Bailey   | Reached XP level 10. HP: 59/74 MP: 16/16
  7989 | Bailey   | Reached skill level 8 in Ranged Weapons
  8594 | D:7      | Noticed Maggie
  8599 | D:7      | Noticed Dowan
  8607 | D:7      | Noticed Duvessa
  8607 | D:7      | Killed Maggie
  8608 | D:7      | Reached skill level 9 in Ranged Weapons
  8608 | D:7      | Killed Dowan
  8612 | D:7      | Killed Duvessa
  8742 | D:7      | Reached *** piety under Hepliaklqana
  8905 | D:7      | Reached skill level 1 in Invocations
  9058 | D:7      | Killed Joseph
  9059 | D:7      | Reached skill level 3 in Invocations
  9164 | D:7      | Reached skill level 6 in Fighting
  9183 | D:7      | Found a blossoming altar of Fedhas.
  9434 | D:8      | Noticed Jeremiah
  9450 | D:8      | Killed Jeremiah
  9451 | D:8      | Reached skill level 7 in Fighting
  9838 | D:8      | Reached skill level 8 in Fighting
  9948 | D:8      | Reached skill level 9 in Fighting
  9957 | D:8      | Reached skill level 10 in Fighting
 10185 | D:8      | Reached **** piety under Hepliaklqana
 10361 | D:9      | Noticed Erica
 10361 | D:9      | Noticed a six-headed hydra
 10452 | D:9      | Reached skill level 4 in Invocations
 10455 | D:9      | Reached XP level 11. HP: 90/90 MP: 17/17
 10502 | D:9      | Reached skill level 5 in Invocations
 10523 | D:9      | Killed a six-headed hydra
 10524 | D:9      | Reached skill level 6 in Invocations
 10567 | D:9      | Found a radiant altar of Vehumet.
 10714 | D:9      | Found Curuma Isas's Weapon Boutique.
 10765 | D:9      | Bought a +0 arbalest for 67 gold pieces
 10799 | D:9      | Found Ytwoumikh's General Store.
 10802 | D:9      | Bought a scroll of identify for 22 gold pieces
 10802 | D:9      | Bought a scroll of teleportation for 33 gold pieces
 10802 | D:9      | Bought a scroll of identify for 22 gold pieces
 10822 | D:9      | Found Cattits's Book Shop.
 10827 | D:9      | Bought a book of Minor Magic for 240 gold pieces
 10830 | D:9      | Learned a level 2 spell: Blink
 10834 | D:9      | Found a staircase to the Lair.
 10971 | D:9      | Found an ancient bone altar of Kikubaaqudgha.
 10982 | D:9      | Reached skill level 7 in Invocations
 10982 | D:9      | Reached skill level 11 in Fighting
 11055 | D:9      | Found Jynlouc's Magic Scroll Shoppe.
 11126 | D:9      | Bought a scroll of fear for 48 gold pieces
 11126 | D:9      | Bought a scroll of identify for 24 gold pieces
 11126 | D:9      | Bought a scroll of identify for 24 gold pieces
 11285 | D:9      | Killed Erica
 11286 | D:9      | Reached skill level 12 in Fighting
 11286 | D:9      | Reached skill level 2 in Dodging
 11317 | D:9      | Reached skill level 3 in Dodging
 11557 | D:10     | Entered Level 10 of the Dungeon
 11592 | D:10     | Reached skill level 4 in Dodging
 11677 | D:10     | Reached skill level 5 in Dodging
 11695 | D:10     | Noticed Erolcha
 11703 | D:10     | Killed Erolcha
 11712 | D:10     | Reached skill level 6 in Dodging
 11776 | D:9      | Bought a scroll of enchant armour for 90 gold pieces
 11904 | D:10     | Noticed a two-headed ogre
 11910 | D:10     | Killed a two-headed ogre
 11911 | D:10     | Reached skill level 2 in Translocations
 11972 | D:10     | Reached skill level 3 in Translocations
 12412 | Lair:1   | Entered Level 1 of the Lair of Beasts
 12413 | Lair:1   | Wizardish: !!subscribe
 12413 | Lair:1   | Wizardish: !subscribe
 12413 | Lair:1   | beem: Subscribed. I will now watch all games of user
                  | Wizardish.
 12413 | Lair:1   | Wizardish: hehe
 12501 | Lair:1   | Reached skill level 10 in Ranged Weapons
 12501 | Lair:1   | Reached XP level 12. HP: 98/100 MP: 18/18
 12548 | Lair:1   | Reached skill level 13 in Fighting
 12689 | Lair:1   | Reached skill level 14 in Fighting
 12951 | Lair:1   | Reached ***** piety under Hepliaklqana
 13327 | D:2      | Bought a pair of embroidered gloves for 157 gold pieces
 13722 | Lair:2   | Reached skill level 11 in Ranged Weapons
 13725 | Lair:2   | Learned a level 2 spell: Call Imp
 13809 | Lair:2   | Found a staircase to the Shoals.
 14298 | Lair:3   | Reached skill level 12 in Ranged Weapons
 14633 | Lair:3   | Found a staircase to the Snake Pit.
 14771 | Lair:3   | Reached skill level 13 in Ranged Weapons
 14804 | Lair:3   | Reached XP level 13. HP: 111/111 MP: 15/19
 15393 | Lair:3   | Reached skill level 14 in Ranged Weapons
 15852 | Lair:4   | Reached skill level 7 in Dodging
 16244 | Lair:4   | Reached skill level 8 in Dodging
 16340 | Lair:5   | Entered Level 5 of the Lair of Beasts
 16378 | Lair:5   | Reached skill level 9 in Dodging
 16653 | Lair:5   | Reached ****** piety under Hepliaklqana
 16690 | Lair:5   | Noticed Urug
 16697 | Lair:5   | Killed Urug
 16811 | Lair:5   | Reached skill level 10 in Dodging
 16816 | Lair:5   | Reached XP level 14. HP: 119/119 MP: 20/20
 17037 | Lair:5   | Reached skill level 11 in Dodging
 17459 | Lair:5   | Reached skill level 15 in Ranged Weapons
 17782 | Lair:5   | Found a viscous altar of Jiyva.
 17800 | Lair:5   | Found a staircase to the Slime Pits.
 19270 | D:12     | Learned a level 4 spell: Passage of Golubria
 19276 | D:12     | Learned a level 4 spell: Dimensional Bullseye
 19364 | D:12     | Reached skill level 16 in Ranged Weapons
 19449 | D:12     | Noticed Azrael
 19500 | D:12     | Killed Azrael
 19861 | D:12     | Found a staircase to the Orcish Mines.
 19915 | Orc:1    | Entered Level 1 of the Orcish Mines
 19933 | Orc:1    | Found a transporter.
 19934 | Orc:1    | Found an ornate altar of the Wu Jian Council.
 19934 | Orc:1    | Noticed an orc warlord
 19941 | Orc:1    | Noticed Josephine
 20093 | Orc:1    | Found Jeugips's Magic Scroll Emporium.
 20145 | Orc:1    | Found a transporter.
 20149 | Orc:1    | Found an ornate altar of the Wu Jian Council.
 20150 | Orc:1    | Found a transporter.
 20279 | Orc:1    | Found a transporter.
 20388 | Orc:1    | Killed an orc warlord
 20474 | Orc:2    | Entered Level 2 of the Orcish Mines
 20474 | Orc:2    | Found a staircase to the Elven Halls.
 20575 | Orc:2    | Reached XP level 15. HP: 125/125 MP: 21/21
 20585 | Orc:2    | Found a dark tunnel.
 20593 | Volcano  | Entered a volcano
 20722 | Volcano  | Reached skill level 17 in Ranged Weapons
 21192 | Orc:2    | Found Rojap's Jewellery Boutique.
 21255 | Orc:2    | Found Lima's Book Shoppe.
 21266 | Orc:2    | Found Pabrosk Viri's Weapon Shoppe.
 21268 | Orc:2    | Found Qemeceg's Antique Armour Boutique.
 21970 | Orc:1    | Killed Josephine
 22195 | Orc:1    | Bought a scroll of enchant armour for 120 gold pieces
 22253 | D:13     | Reached skill level 18 in Ranged Weapons
 22520 | D:13     | Identified the +10 halberd of Riqooz {freeze, Will+ Dex+3
                  | Stlth+}
 22530 | D:13     | Reached skill level 4 in Translocations
 22561 | D:13     | Found Iqocaum's Jewellery Shoppe.
 22575 | D:13     | Bought a +6 ring of dexterity for 576 gold pieces
 22639 | D:13     | Reached skill level 5 in Translocations
 22680 | D:13     | Reached skill level 6 in Translocations
 23097 | D:13     | Reached skill level 7 in Translocations
 23104 | D:13     | Found a gate to the Vaults.
 23280 | D:14     | You fall into a shaft and drop 1 floor!
 23280 | D:15     | Entered Level 15 of the Dungeon
 23312 | D:15     | HP: 61/125 [??? (59)]
 23314 | D:15     | HP: 23/125 [mirror damage (24)]
 23323 | D:15     | Reached skill level 8 in Translocations
 23331 | D:15     | HP: 34/125 [cyclops/large rock (18)]
 23733 | D:14     | Reached skill level 9 in Translocations
 23915 | D:14     | Found a blossoming altar of Fedhas.
 23940 | D:14     | Noticed Agnes
 23947 | D:14     | Killed Agnes
 23993 | D:14     | Reached XP level 16. HP: 132/132 MP: 22/22
 24259 | D:15     | Found a portal to a secret trove of treasure.
 24676 | D:15     | Reached skill level 10 in Translocations
 24785 | D:15     | Reached skill level 1 in Hexes
 24941 | D:15     | Reached skill level 3 in Stealth
 25099 | D:15     | Found a staircase to the Depths.
 25103 | D:15     | Reached skill level 2 in Hexes
 25434 | Snake:1  | Entered Level 1 of the Snake Pit
 25535 | Snake:1  | Reached skill level 4 in Stealth
 25673 | Snake:1  | Reached skill level 3 in Hexes
 25856 | Snake:1  | Reached skill level 4 in Hexes
 26219 | Snake:2  | Reached skill level 5 in Hexes
 26398 | Snake:2  | Identified the +5 sling of Kennufac {heavy, rPois rF+ Will+
                  | SInv}
 26427 | Snake:2  | Reached skill level 8 in Invocations
 26546 | Snake:2  | Reached skill level 5 in Spellcasting
 26552 | Snake:2  | HP: 63/132 [naga sharpshooter/arrow (15)]
 26842 | Snake:2  | Reached skill level 6 in Spellcasting
 27277 | Snake:2  | Reached skill level 11 in Translocations
 27320 | Snake:2  | Identified a scroll of acquirement
 27455 | Snake:2  | Found a large runed translucent door.
 27455 | Snake:2  | Found a large runed translucent door.
 27457 | Snake:2  | Noticed Jeykid's ghost (adept DgFE)
 27691 | Snake:2  | Learned a level 6 spell: Dispersal
 28234 | Snake:3  | Noticed Louise
 28236 | Snake:3  | Reached skill level 12 in Translocations
 28246 | Snake:3  | Killed Louise
 28309 | Snake:3  | Noticed Jorgrun
 28313 | Snake:3  | Killed Jorgrun
 28340 | Snake:3  | Noticed a tentacled monstrosity
 28348 | Snake:3  | Killed a tentacled monstrosity
 28442 | Snake:3  | Reached XP level 17. HP: 125/138 MP: 26/26
 28553 | Snake:3  | HP: 64/138 [naga sharpshooter/arrow[Vashnia] (12)]
 28800 | Snake:3  | Noticed Vashnia
 28816 | Snake:3  | Killed Vashnia
 28817 | Snake:3  | Reached skill level 13 in Translocations
 29375 | Snake:3  | Learned a level 5 spell: Yara's Violent Unravelling
 29565 | Snake:3  | Reached skill level 14 in Translocations
 29651 | Snake:4  | Entered Level 4 of the Snake Pit
 29850 | Snake:4  | Reached skill level 6 in Hexes
 30019 | Snake:4  | Found Zuecelot's Mass Market.
 30073 | Snake:4  | Reached skill level 7 in Hexes
 30089 | Snake:4  | HP: 68/138 [poisoned by naga (concentrated venom)]
 30094 | Snake:4  | HP: 61/138 [poisoned by naga (concentrated venom)]
 30308 | Snake:4  | Reached skill level 15 in Fighting
 31085 | Snake:3  | Reached skill level 16 in Fighting
 31146 | Snake:3  | HP: 59/142 [naga warrior/+0 battleaxe (37)]
 31827 | Snake:4  | Got a serpentine rune of Zot
 32045 | Shoals:1 | Entered Level 1 of the Shoals
 32103 | Shoals:1 | Reached skill level 9 in Alchemy
 32106 | Shoals:1 | Reached skill level 8 in Hexes
 32214 | Shoals:1 | Reached XP level 18. HP: 149/149 MP: 27/27
 32222 | Shoals:1 | Reached skill level 9 in Invocations
 32501 | Shoals:1 | Reached skill level 10 in Invocations
 32562 | Shoals:1 | Reached skill level 3 in Evocations
 32567 | Shoals:1 | HP: 62/149 [water nymph/the raging water (20)]
 32572 | Shoals:1 | HP: 52/149 [water nymph (4)]
 33272 | Shoals:2 | Reached skill level 4 in Evocations
 33289 | Shoals:2 | Noticed Polyphemus
 33296 | Shoals:2 | Killed Polyphemus
 34295 | Shoals:3 | Noticed Mlioglotl
 34303 | Shoals:3 | Killed Mlioglotl
 34461 | Shoals:3 | Reached skill level 17 in Fighting
 35118 | Shoals:4 | Entered Level 4 of the Shoals
 35124 | Shoals:4 | Reached skill level 18 in Fighting
 35332 | Shoals:4 | HP: 71/155 [merfolk javelineer/javelin (13)]
 35826 | Shoals:4 | Reached skill level 19 in Fighting
 35881 | Shoals:4 | Noticed Ilsuiw
 35892 | Shoals:4 | Killed Ilsuiw
 35992 | Shoals:4 | Got a barnacled rune of Zot
 36164 | Shoals:4 | Found the ring of the Hare {EV+10}
 36392 | Shoals:4 | Found the amulet of Vitality {RegenMP++ Regen++}
 36526 | Shoals:4 | Acquired 792 gold pieces
 36838 | Orc:2    | Bought the ring "Zaczuu Fuzi" {rF+ MP+9 Str+3 SInv Stlth+}
                  | for 741 gold pieces
 36990 | Vaults:1 | Entered Level 1 of the Vaults
 37008 | Vaults:1 | Reached XP level 19. HP: 164/164 MP: 28/28
 37084 | Vaults:1 | Found Leosem's Armour Emporium.
 37273 | Vaults:1 | Reached skill level 20 in Fighting
 37414 | Vaults:1 | Reached skill level 12 in Dodging
 37634 | Vaults:1 | Found a radiant altar of Vehumet.
 37652 | Vaults:1 | Identified the +0 hat "Hyil" {rPois rCorr Stlth+}
 37674 | Vaults:1 | Identified the +1 robe of the Jabberwock {-Tele Dex+4 SInv}
 37679 | Vaults:1 | Identified the +2 hat of Boowk {rF+}
 37767 | Vaults:1 | Reached skill level 13 in Dodging
 38953 | Vaults:2 | Found a staircase to the Crypt.
 38958 | Vaults:2 | HP: 79/166 [freezing wraith[a curse skull] (11)]
 39043 | Vaults:2 | Reached skill level 14 in Dodging
 39586 | Vaults:3 | Reached skill level 15 in Dodging
 39914 | Vaults:3 | Reached XP level 20. HP: 173/173 MP: 29/29
 40225 | Vaults:3 | Reached skill level 16 in Dodging
 40514 | Vaults:4 | Identified the +3 great sword "Apuwit" {freeze, +Blink
                  | Str-3 Int+2 Dex+4}
 40928 | Vaults:4 | Reached skill level 17 in Dodging
 40954 | Vaults:4 | Found Janweu Housk's Antique Weapon Shoppe.
 41534 | Depths:1 | Entered Level 1 of the Depths
 41574 | Depths:1 | Found a one-way gateway to a ziggurat.
 41591 | Depths:1 | Found a flickering gateway to a bazaar.
 41603 | Depths:1 | Noticed Nikola
 41608 | Depths:1 | Killed Nikola
 41612 | Bazaar   | Entered a bazaar
 41650 | Bazaar   | Found Enumnauw's Book Boutique.
 41669 | Bazaar   | Found Caiduv's Antique Armour Shoppe.
 41680 | Bazaar   | Found Miapehu's Magic Scroll Boutique.
 41691 | Bazaar   | Found Vylad's General Store.
 41699 | Bazaar   | Bought 2 potions of brilliance for 80 gold pieces
 41710 | Bazaar   | Bought a scroll of fear for 52 gold pieces
 41710 | Bazaar   | Bought a scroll of fog for 52 gold pieces
 41710 | Bazaar   | Bought a scroll of blinking for 97 gold pieces
 41710 | Bazaar   | Bought a scroll of blinking for 97 gold pieces
 41726 | Bazaar   | Bought a book of Battle for 234 gold pieces
 41730 | Bazaar   | Learned a level 3 spell: Ozocubu's Armour
 41757 | Bazaar   | Bought a scroll of fear for 40 gold pieces
 41757 | Bazaar   | Bought a scroll of enchant weapon for 75 gold pieces
 41812 | D:15     | Reached skill level 1 in Ice Magic
 41870 | D:15     | Reached skill level 2 in Ice Magic
 42110 | Depths:1 | Reached skill level 3 in Ice Magic
 42256 | Depths:1 | Identified the ring of the Fortifying Gods {Wiz Stlth+}
 42305 | Depths:1 | Found a sparkling altar of Nemelex Xobeh.
 42398 | Depths:1 | Found a gateway to Hell.
 42718 | Depths:1 | Reached skill level 4 in Ice Magic
 42827 | Depths:2 | Found a one-way gate to the infinite horrors of the Abyss.
 42844 | Depths:1 | Reached skill level 5 in Ice Magic
 42942 | Depths:2 | Reached skill level 6 in Ice Magic
 43156 | Depths:2 | Found a one-way gate leading to the halls of Pandemonium.
 43456 | Depths:2 | Found a glowing silver altar of Zin.
 43567 | Depths:2 | Reached skill level 7 in Ice Magic
 43656 | Depths:2 | Reached XP level 21. HP: 180/180 MP: 30/30
 43662 | Depths:2 | Reached skill level 8 in Ice Magic
 43707 | Depths:2 | HP: 74/180 [something (21)]
 43714 | Depths:2 | HP: 66/180 [vampire knight/+0 long sword (4)]
 43715 | Depths:2 | HP: 32/180 [vampire knight/+0 long sword (20)]
 43720 | Depths:2 | HP: 52/180 [deep troll (7)]
 43952 | Depths:2 | Reached skill level 11 in Invocations
 44102 | Depths:2 | Noticed a golden dragon
 44107 | Depths:2 | Killed a golden dragon
 44394 | Depths:3 | Reached skill level 12 in Invocations
 44394 | Depths:3 | particleface: !lg . won title~~child s=title
 44394 | Depths:3 | beem: 12 games for particleface (won title~~child):
                  | Armataur Child, Elven Child, Feline Child, Formicid Child,
                  | Ghoulish Child, Kobold Child, Minotaur Child, Octopoid
                  | Child, Ogreish Child, Spriggan Child, Tengu Child, Vampiric
                  | Child
 44578 | Depths:3 | Noticed a royal mummy
 44676 | Depths:3 | Identified the orb of Resonance {light, rElec Int+2 Dex-3
                  | Hexes}
 44676 | Depths:3 | Noticed Frederick
 44682 | Depths:3 | Killed Frederick
 44683 | Depths:3 | Reached skill level 13 in Invocations
 44683 | Depths:3 | Noticed Vv
 44700 | Depths:3 | Killed Vv
 44970 | Depths:3 | Found a white marble altar of Elyvilon.
 45050 | Depths:3 | Reached skill level 14 in Invocations
 45281 | Depths:3 | Found a burning altar of Makhleb.
 45651 | Depths:4 | Entered Level 4 of the Depths
 45739 | Depths:4 | Reached skill level 15 in Invocations
 45777 | Depths:4 | Paralysed by a vampire knight for 4 turns
 45778 | Depths:4 | HP: 72/180 [vampire knight/+3 dire flail (23)]
 46165 | Depths:4 | HP: 89/180 [spriggan berserker/+0 quarterstaff (22)]
 46247 | Depths:4 | Reached skill level 16 in Invocations
 46252 | Depths:4 | Noticed a golden dragon
 46260 | Depths:4 | Killed a golden dragon
 46302 | Depths:3 | HP: 81/180 [fire giant/+2 great sword of flaming (15)]
 46498 | Depths:4 | Found a gate to the Realm of Zot.
 47054 | D:15     | Reached skill level 17 in Invocations
 47637 | Slime:1  | Entered Level 1 of the Pits of Slime
 47644 | Slime:1  | Gained mutation: You are weak. (Str -2) [a shining eye]
 47651 | Lair:5   | Reached XP level 22. HP: 163/188 MP: 34/34
 47675 | Slime:1  | Gained mutation: You occasionally lose the ability to read
                  | scrolls when taking damage. [a shining eye]
 47676 | Slime:1  | Hi5aMiFi: you're getting pretty close to full scoreboard
 47679 | Lair:5   | Lost mutation: You are weak. (Str -2) [potion of mutation]
 47679 | Lair:5   | Lost mutation: You occasionally lose the ability to read
                  | scrolls when taking damage. [potion of mutation]
 47679 | Lair:5   | Gained mutation: Your tail ends in a venomous barb. [potion
                  | of mutation]
 47679 | Lair:5   | Gained mutation: Your muscles are strong. (Str +4, Int/Dex
                  | -1) [potion of mutation]
 47705 | Slime:2  | Hi5aMiFi: besides Al and On, only 30 wins to go
 47708 | Slime:2  | particleface: full scoreboard?
 47708 | Slime:2  | Hi5aMiFi: all combo wins
 47708 | Slime:2  | particleface: oh yeah al and on set me back
 47708 | Slime:2  | particleface: !progress
 47708 | Slime:2  | beem: particleface progress: 566/638 (88%)
 47715 | Slime:2  | Hi5aMiFi: pretty good, not far
 47775 | Slime:5  | Entered Level 5 of the Pits of Slime
 47884 | Slime:5  | Gained mutation: Your magical capacity is low. (-10% MP) [a
                  | shining eye]
 47888 | Slime:5  | Noticed the Royal Jelly
 47942 | Slime:5  | Killed the Royal Jelly
 47943 | Slime:5  | Reached skill level 18 in Invocations
 47945 | Slime:4  | HP: 92/188 [rockslime[the Royal Jelly] (30)]
 47950 | Slime:4  | HP: 78/188 [quicksilver ooze[the Royal Jelly] (8)]
 47960 | Slime:4  | HP: 59/188 [acid blob/splash of acid[the Royal Jelly] (14)]
 48230 | Slime:4  | HP: 94/188 [azure jelly[the Royal Jelly] (27)]
 48284 | Slime:4  | HP: 93/188 [acid[the Royal Jelly] (5)]
 48340 | Slime:5  | Identified the +7 hand axe of Friendship {freeze, rCorr
                  | Stlth+}
 48343 | Slime:5  | Got a slimy rune of Zot
 48359 | Slime:5  | Identified the +7 orcbow "Xuthiruf" {flame, rF+ rCorr}
 48366 | Slime:5  | Got the Tome of the Smouldering Tektite
 48377 | Slime:5  | Gained mutation: You occasionally shout uncontrollably at
                  | your foes. [a shining eye]
 48380 | Slime:5  | Gained mutation: You are frail. (-10% HP) [a shining eye]
 48403 | Slime:5  | Identified the +1 plate armour "Hif Koug" {rN+}
 48465 | Slime:5  | Identified the ring of Ulao {rCorr Str+6 Dex+3 Stlth+}
 48479 | Slime:5  | Identified the ring of Hard Scrabble {Str+5 Int-3 SInv}
 48496 | Slime:5  | Got the Incunable of the Missiles and Burning
 48542 | Lair:5   | Lost mutation: You are frail. (-10% HP) [potion of
                  | mutation]
 48542 | Lair:5   | Lost mutation: You occasionally shout uncontrollably at
                  | your foes. [potion of mutation]
 48542 | Lair:5   | Lost mutation: You are dopey. (Int -2) [potion of mutation]
 48542 | Lair:5   | Gained mutation: You are agile. (Dex +4, Str/Int -1)
                  | [potion of mutation]
 48542 | Lair:5   | Gained mutation: You are robust. (+10% HP) [potion of
                  | mutation]
 48542 | Lair:5   | Gained mutation: You are very agile. (Dex +8, Str/Int -2)
                  | [potion of mutation]
 48735 | Orc:1    | Bought a scroll of teleportation for 48 gold pieces
 48735 | Orc:1    | Bought a scroll of fear for 64 gold pieces
 48735 | Orc:1    | Bought a scroll of immolation for 64 gold pieces
 48735 | Orc:1    | Bought 2 scrolls of silence for 304 gold pieces
 48975 | Zot:1    | Entered Level 1 of the Realm of Zot
 49504 | Zot:1    | Reached skill level 19 in Invocations
 49901 | Zot:1    | Noticed a golden dragon
 49908 | Zot:1    | Killed a golden dragon
 49909 | Zot:1    | Reached skill level 20 in Invocations
 49924 | Zot:1    | Noticed a curse toe
 49935 | Zot:1    | Killed a curse toe
 49991 | Zot:1    | Identified the dragon-blood talisman "Zetsabi" {rF+ Will++
                  | rCorr Dex-2}
 49997 | Zot:1    | Noticed a curse toe
 49999 | Zot:1    | Killed a curse toe
 50195 | Zot:1    | Reached skill level 18 in Dodging
 50738 | Orc:2    | Bought an amulet of faith for 520 gold pieces
 51032 | Zot:2    | Noticed a golden dragon
 51040 | Zot:2    | Killed a golden dragon
 51052 | Zot:2    | Noticed a golden dragon
 51093 | Zot:2    | Killed a golden dragon
 51235 | Zot:2    | Reached skill level 19 in Dodging
 51243 | Zot:2    | Noticed a golden dragon
 51337 | Zot:2    | Reached XP level 23. HP: 215/215 MP: 33/33
 51475 | Zot:2    | Gained mutation: You are dopey. (Int -2) [mutagenic glow]
 51746 | Zot:2    | Reached skill level 7 in Spellcasting
 51752 | Zot:2    | Learned a level 5 spell: Irradiate
 52125 | Zot:3    | Noticed a curse toe
 52129 | Zot:3    | HP: 103/215 [??? (100)]
 52134 | Zot:2    | HP: 85/215 [storm dragon (3)]
 52392 | Zot:3    | Killed a curse toe
 52393 | Zot:3    | Reached skill level 10 in Alchemy
 52501 | Zot:3    | Reached skill level 3 in Conjurations
 52510 | Zot:3    | Found a transporter.
 52757 | Zot:3    | Reached skill level 4 in Conjurations
 52852 | Zot:3    | Found a transporter.
 52867 | Zot:3    | Reached skill level 5 in Conjurations
 53013 | Zot:3    | Reached skill level 6 in Conjurations
 53096 | Zot:3    | Reached skill level 7 in Conjurations
 53466 | Zot:3    | HP: 102/215 [quicksilver dragon (17)]
 53617 | Zot:4    | Reached skill level 8 in Conjurations
 53785 | Zot:4    | Reached skill level 9 in Conjurations
 53898 | Zot:4    | Reached skill level 10 in Conjurations
 54083 | Zot:4    | Reached skill level 5 in Evocations
 54162 | Zot:4    | Reached skill level 6 in Evocations
 54464 | Zot:5    | Entered Level 5 of the Realm of Zot
 54483 | Zot:5    | Reached skill level 9 in Hexes
 54782 | Zot:5    | Reached skill level 10 in Hexes
 54782 | Zot:5    | Reached XP level 24. HP: 206/224 MP: 33/33
 55055 | Zot:5    | Noticed an orb of fire
 55057 | Zot:5    | Noticed an ancient lich
 55082 | Zot:5    | Killed an ancient lich
 55083 | Zot:5    | Reached skill level 21 in Invocations
 55085 | Zot:5    | Killed an orb of fire
 55097 | Zot:5    | Noticed a dread lich
 55104 | Zot:5    | Killed a dread lich
 55159 | Zot:5    | Noticed a dread lich
 55162 | Zot:5    | Noticed an orb of fire
 55163 | Zot:5    | Noticed an orb of fire
 55167 | Zot:5    | Killed a dread lich
 55175 | Zot:5    | Lost mutation: You are very agile. (Dex +8, Str/Int -2) [an
                  | orb of fire]
 55178 | Zot:5    | Killed an orb of fire
 55178 | Zot:5    | Killed an orb of fire
 55194 | Zot:5    | Noticed a Killer Klown
 55194 | Zot:5    | Noticed an ancient lich
 55197 | Zot:5    | Reached skill level 22 in Invocations
 55202 | Zot:5    | Noticed an orb of fire
 55229 | Zot:5    | Gained mutation: Your magical capacity is very low. (-20%
                  | MP) [an orb of fire]
 55237 | Zot:5    | HP: 77/224 [Killer Klown/klown pie (57)]
 55237 | Zot:5    | Gained mutation: You are very dopey. (Int -4) [an orb of
                  | fire]
 55368 | Zot:5    | Killed a Killer Klown
 55426 | Zot:5    | Noticed an orb of fire
 55433 | Zot:5    | Gained mutation: You do not regenerate when monsters are
                  | visible. [an orb of fire]
 55435 | Zot:5    | Killed an orb of fire
 55436 | Zot:5    | Lost mutation: Your magical capacity is very low. (-20% MP)
                  | [potion of mutation]
 55436 | Zot:5    | Lost mutation: Your muscles are strong. (Str +4, Int/Dex
                  | -1) [potion of mutation]
 55436 | Zot:5    | Lost mutation: You are robust. (+10% HP) [potion of
                  | mutation]
 55436 | Zot:5    | Gained mutation: You possess an exceptional clarity of
                  | mind. [potion of mutation]
 55436 | Zot:5    | Gained mutation: You have sharp fingernails. [potion of
                  | mutation]
 55437 | Zot:5    | Lost mutation: You have sharp fingernails. [potion of
                  | mutation]
 55437 | Zot:5    | Lost mutation: You do not regenerate when monsters are
                  | visible. [potion of mutation]
 55437 | Zot:5    | Gained mutation: Your flesh is cold resistant. (rC+)
                  | [potion of mutation]
 55458 | Zot:5    | Killed an ancient lich
 55493 | Zot:5    | Reached skill level 21 in Fighting
 55553 | Zot:5    | Noticed an orb of fire
 55556 | Zot:5    | Lost mutation: You possess an exceptional clarity of mind.
                  | [an orb of fire]
 55557 | Zot:5    | Noticed an ancient lich
 55559 | Zot:5    | Noticed an orb of fire
 55564 | Zot:5    | Gained mutation: You occasionally shout uncontrollably at
                  | your foes. [an orb of fire]
 55567 | Zot:5    | Gained mutation: Your body sometimes deteriorates upon
                  | taking damage. [an orb of fire]
 55568 | Zot:5    | Killed an ancient lich
 55576 | Zot:5    | Killed an orb of fire
 55579 | Zot:5    | HP: 102/205 [electric golem (6)]
 55581 | Zot:5    | Noticed an orb of fire
 55587 | Zot:5    | Noticed a Killer Klown
 55601 | Zot:5    | HP: 102/206 [electric golem/bolt of lightning (13)]
 55674 | Zot:5    | Lost mutation: You are agile. (Dex +4, Str/Int -1) [an orb
                  | of fire]
 55678 | Zot:5    | Gained mutation: You occasionally lose the ability to read
                  | scrolls when taking damage. [an orb of fire]
 55684 | Zot:5    | Gained mutation: Your magical capacity is very low. (-20%
                  | MP) [an orb of fire]
 55685 | Zot:5    | Killed an orb of fire
 55688 | Zot:5    | Gained mutation: You are clumsy. (Dex -2) [an orb of fire]
 55690 | Zot:5    | Killed a Killer Klown
 55691 | Zot:5    | Killed an orb of fire
 55692 | Zot:5    | Reached skill level 22 in Fighting
 55692 | Zot:5    | Lost mutation: You are very dopey. (Int -4) [potion of
                  | mutation]
 55692 | Zot:5    | Lost mutation: You occasionally lose the ability to read
                  | scrolls when taking damage. [potion of mutation]
 55692 | Zot:5    | Gained mutation: You are weak. (Str -2) [potion of
                  | mutation]
 55692 | Zot:5    | Gained mutation: You are partially covered in large bone
                  | plates. (SH +4) [potion of mutation]
 55693 | Zot:5    | Lost mutation: Your magical capacity is very low. (-20% MP)
                  | [potion of mutation]
 55693 | Zot:5    | Lost mutation: You are clumsy. (Dex -2) [potion of
                  | mutation]
 55693 | Zot:5    | Lost mutation: You are partially covered in large bone
                  | plates. (SH +4) [potion of mutation]
 55693 | Zot:5    | Lost mutation: You are dopey. (Int -2) [potion of mutation]
 55693 | Zot:5    | Gained mutation: You possess an exceptional clarity of
                  | mind. [potion of mutation]
 55734 | Zot:5    | HP: 101/207 [purple draconian shifter/+0 short sword (3)]
 55806 | Zot:5    | Got the Orb of Zot
 56008 | Depths:3 | HP: 88/207 [??? (85)]
 56099 | D:15     | Noticed Wuoleasch the pandemonium lord
 56129 | D:15     | Noticed Zitoghao the pandemonium lord
 56211 | D:12     | Noticed a seraph
 56478 | D:$      | Escaped with the Orb!

Illustrated notes

Levels and vault maps discovered:
D:1:      onia_arrival_mini_spirals, layout_basic
D:2:      layout_rooms, serial_shops, shop, nicolae_ecumenical_snake_handling,
          st_stairs_1
D:3:      layout_rooms, mainiacjoe_overflow_surrounded_room,
          chequers_serial_rivers_large_a, uniq_grinder
D:4:      layout_basic, minmay_temple_entry_hall, uniq_pikel
D:5:      layout_basic, mainiacjoe_overflow_tiny_flanked, chequers_avenue
D:6:      layout_cave_pools, uniq_sigmund
D:7:      layout_loops_corners, kennysheep_little_box, enter_bailey_6,
          uniq_maggie, uniq_joseph, uniq_duvessa
D:8:      layout_gridville, uniq_jeremiah
D:9:      wander_kiku_kobolds, layout_rooms, vehumet_altar_wand_db,
          serial_shops, nicolae_shop_getting_attention,
          nicolae_shop_behind_doors, nicolae_diamond_shop, shop, minmay_puff,
          uniq_erica
D:10:     layout_roguey, kennysheep_generic_room_8, uniq_erolcha
D:11:     layout_gridville
D:12:     layout_loops_corners, hiddenorc1_lemuel, uniq_azrael
D:13:     layout_roguey [special_room_orc], grunt_vaults_entry_fortified,
          serial_shops, shop
D:14:     layout_roguey, fedhas_altar_2, uniq_agnes
D:15:     grunt_enter_depths_snipers, layout_basic,
          nicolae_trove_entry_free_sample
Lair:1:   layout_chaotic_city, gauntlet_entry_generic, st_stairs_4,
          fungi_pond_lemuel, lemuel_fruit_tree
Lair:2:   layout_roguey, minmay_shoals_entry_lonely_mermaid,
          serial_bayou_shore_b
Lair:3:   layout_roguey, alex1729_snake_entry_snake, special_room
          [special_room_mythical_zoo], dreamdust_wasp_nest,
          infiniplex_staircase_pool_2
Lair:4:   layout_hall_layers, grunt_megastairs_2
Lair:5:   evilmike_catoblepas_cave, layout_gridlike, dpeg_slime_entry_corner,
          serial_bayou_shore_a, uniq_urug
Shoals:1: layout_shoals, nicolae_shoals_nymph_descending_staircase
Shoals:2: layout_shoals, uniq_polyphemus
Shoals:3: layout_shoals, nicolae_shoals_enchanted_isle, uniq_mlioglotl
Shoals:4: shoals_end_hangedman, layout_shoals, shoals_ilsuiw_alternative
Snake:1:  layout_grid_maze
Snake:2:  layout_misc_corridors, portal_ice_cave_entry_frozen_things,
          ebering_ghost_disaster_area
Snake:3:  onia_ninara_swampy_vault, layout_gridlike, uniq_jorgrun, uniq_vashnia,
          uniq_louise
Snake:4:  johnstein_snake_rune_scales, layout_basic, minmay_shop_mass, drop_trap
Slime:1:  layout_caves
Slime:2:  layout_caves
Slime:3:  layout_caves
Slime:4:  layout_caves
Slime:5:  slime_pit_nicolae_jellycorners
Orc:1:    dreamdust_wu_jian_sword_trials, layout_caves, serial_shops,
          nicolae_shop_pleasant_corner_grove, uniq_josephine
Orc:2:    st_orc_elflike, layout_caves, lightli_volcano_entry_magma_tube,
          minmay_orc_barracks
Vaults:1: nicolae_vaults_ellipses_ellipsis, grunt_tower_of_power,
          nicolae_vaults_tetromino_L_2, nicolae_vaults_storage_room_water,
          nicolae_vaults_taking_the_gang_shopping, v_alt_pattern_6,
          nicolae_vaults_little_squares_1, nicolae_vaults_bisected_exclaves,
          hangedman_vaults_trim, grunt_vaults_hallway_short,
          nicolae_vaults_surprise_closet, vaults_dpeg_ring,
          vaults_dpeg_emergency_exit, v_misc_22, layout_vaults_omnicross
Vaults:2: minmay_crypt_entry_simple_corners, v_alt_pattern_3,
          nicolae_vaults_little_squares_4, vaults_room_pools,
          nicolae_vaults_offset_grid_hallway_4, serial_ice_b,
          nicolae_vaults_frosty_reception, nicolae_vaults_diamond_2,
          nicolae_vaults_oval_intersection, nicolae_vaults_oval_intersection,
          vaults_room_grid, hangedman_vaults_nails, nicolae_vaults_house_2,
          layout_vaults_ring
Vaults:3: hangedman_vaults_impose, v_rooms_4, grunt_vaults_hallway_short,
          nicolae_vaults_tetromino_T_2, grunt_vaults_focal, v_rooms_4,
          ontoclasm_vaults_spin, v_alt_pattern_4,
          nicolae_vaults_heart-shaped_vault, nicolae_vaults_apartment_2,
          nicolae_vaults_six-pack, vaults_mumra_minichess, layout_vaults_omnibox
Vaults:4: nicolae_vaults_house_1, nicolae_vaults_what_the_h,
          vaults_standard_mumra_enter_the_diamond, vaults_room_fours,
          vaults_room_stairs_pillars, v_misc_11, ontoclasm_vaults_ring_large,
          nicolae_vaults_hexular_roomagon, vaults_room_semicircle,
          nicolae_vaults_tangram_2, layout_vaults_maze_bifur, serial_shops,
          nicolae_shop_peninsula
Depths:1: layout_cave_pools, ziggurat_fallback, serial_shops, freezing_bzr,
          hangedman_coc_ice_floe, chequers_serial_rivers_large_b,
          nemelex_spade_bored_becter, uniq_nikola
Depths:2: minmay_nine_rooms, layout_cave_shapes, pan_entry, abyss_entry_crystal,
          hangedman_geh_valley, small_statue_intersection, zin_angel
Depths:3: ragdoll_tomb_raider, layout_gridlike, serial_glass, glass_columns_a,
          glass_columns_a, nicolae_elyvilon_peaceful_grove,
          minmay_room_of_horrors, hell_entry, grunt_guarded_unrand_obsidian_axe,
          firewood_loft, uniq_frederick, uniq_josephina, uniq_vv
Depths:4: grunt_zot_entry_funnels, layout_gridlike, hellmouth_3,
          minmay_misc_feat_rows
Zot:1:    regret_index_zot_pan_timeshare, layout_misc_corridors,
          grunt_ministairs_15
Zot:2:    layout_twisted_circle,
          regret_index_zotdec_abyssal_contain_seething_sorcery
Zot:3:    gammafunk_dig_for_victory, layout_cathedral_of_symmetry,
          skrybe_zot_glass_2
Zot:4:    layout_misc_corridors, regret_index_zotdec_serpentine_coiled
Zot:5:    layout_cellular_growth

Skill      XL: |  1  2  3  4  5  6  7  8  9 10 11 12 13 14 15 16 17 18 19 20 21 22 23 24 |
---------------+-------------------------------------------------------------------------+-----
Stealth        | 2 4 |  4.0
Fighting       | 1 3 5 10 12 14 16 19 20 22 | 22.0
Air Magic      | 1 2 |  2.1
Conjurations   | 2 10 | 10.0
Spellcasting   | 3 4 6 7 |  7.0
Alchemy        | 5 6 7 8 9 10 | 10.0
Evocations     | 1 2 4 6 |  6.0
Fire Magic     | 3 5 |  5.0
Ranged Weapons | 7 9 10 13 14 16 18 | 18.0
Invocations    | 4 7 8 10 17 20 22 | 22.0
Dodging        | 6 10 11 15 17 19 | 19.7
Translocations | 3 9 12 14 | 14.0
Hexes          | 5 8 10 | 10.0
Ice Magic      | 7 8 |  8.0

Action                     |  1- 3 |  4- 6 |  7- 9 | 10-12 | 13-15 | 16-18 | 19-21 | 22-24 || total
---------------------------+-------+-------+-------+-------+-------+-------+-------+-------++-------
  Melee: Unarmed           |     7 |       |       |       |       |       |       |       ||     7
         Dagger            |    16 |    24 |       |       |       |       |       |       ||    40
         Tailslap          |     2 |     3 |     2 |       |       |       |       |       ||     7
         Rapier            |       |     1 |     4 |       |       |       |       |       ||     5
         Arbalest          |       |       |       |       |     1 |       |       |       ||     1
   Fire: Orcbow            |       |       |    85 |    61 |       |       |       |       ||   146
         Sling             |       |       |       |   334 |       |       |       |       ||   334
         Arbalest          |       |       |       |   102 |   639 |   910 |  1011 |   990 ||  3652
  Throw: Boomerang         |       |     2 |     2 |       |       |       |       |       ||     4
         Dart              |       |       |       |     4 |     1 |     1 |       |       ||     6
         Throwing net      |       |       |       |       |       |       |     1 |       ||     1
   Cast: Sting             |    76 |   106 |    42 |       |       |       |       |       ||   224
         Mercury Vapours   |     4 |    11 |     8 |       |       |       |       |       ||    23
         Olgreb's Toxic Ra |       |       |    49 |    81 |    70 |    48 |    49 |    10 ||   307
         Mephitic Cloud    |       |       |     1 |     6 |     8 |     4 |     1 |     1 ||    21
         Sticky Flame      |       |       |     6 |       |       |       |       |       ||     6
         Blink             |       |       |       |     1 |     1 |       |     1 |       ||     3
         Passage of Golubr |       |       |       |       |       |     4 |     4 |    20 ||    28
         Dispersal         |       |       |       |       |       |     1 |     3 |    34 ||    38
         Dimensional Bulls |       |       |       |       |       |     1 |     2 |    11 ||    14
         Yara's Violent Un |       |       |       |       |       |       |     1 |       ||     1
         Ozocubu's Armour  |       |       |       |       |       |       |     2 |     1 ||     3
         Irradiate         |       |       |       |       |       |       |       |     5 ||     5
 Invoke: Recall Ancestor   |       |     1 |     2 |     1 |     6 |     2 |     6 |    30 ||    48
         Ancestor Identity |       |     1 |       |       |       |       |       |       ||     1
         Ancestor Life: Kn |       |       |     1 |       |       |       |       |       ||     1
         Idealise          |       |       |       |     1 |     2 |     9 |     3 |    20 ||    35
         Transference      |       |       |       |     1 |     2 |     1 |       |     4 ||     8
Ability: Breathe Steam     |       |       |     1 |     8 |     1 |     2 |     1 |       ||    13
  Evoke: Wand              |       |     6 |     2 |     4 |     2 |     6 |     2 |    16 ||    38
         Box of beasts     |       |       |       |     1 |       |       |       |     1 ||     2
         Phantom mirror    |       |       |       |       |       |     1 |     1 |     2 ||     4
         Phial of floods   |       |       |       |       |       |       |     2 |       ||     2
    Use: Scroll            |     3 |     4 |     6 |    19 |    13 |    10 |     8 |    23 ||    86
         Potion            |       |     3 |       |       |     2 |     5 |     8 |    36 ||    54
   Stab: Sleeping          |     1 |       |       |       |       |       |       |       ||     1
         Distracted        |       |       |     1 |       |       |       |       |       ||     1
 Armour: Skin              |    28 |    58 |    51 |    74 |   137 |   303 |   354 |   486 ||  1491
  Dodge: Dodged            |    22 |    53 |    42 |    95 |   209 |   301 |   523 |   876 ||  2121
  Block: Other             |       |       |       |       |    22 |    77 |       |       ||    99
         Reflection        |       |       |       |       |     3 |    24 |       |       ||    27

Table legend: (Time is in decaauts)
 A = Elapsed time spent in this place.
 B = Non-inter-level travel time spent in this place.
 C = Inter-level travel time spent in this place.
 D = Time resting spent in this place.
 E = Time spent auto-exploring this place.
 F = Levels seen in this place.
 G = Mean time per level.
                   A        B        C        D        E       F      G
               +--------+--------+--------+--------+--------+-----+--------+
         Total |  58856 |  52739 |   6117 |   7261 |  33132 |  51 | 1154.0 |
       Dungeon |  18445 |  16243 |   2202 |   1516 |  11635 |  15 | 1229.7 |
          Lair |   6061 |   5323 |    738 |    373 |   3899 |   5 | 1212.2 |
        Shoals |   5081 |   4730 |    351 |    460 |   3451 |   4 | 1270.2 |
     Snake Pit |   6842 |   6611 |    231 |   2170 |   3092 |   4 | 1710.5 |
    Slime Pits |    921 |    889 |     32 |    174 |    187 |   5 |  184.2 |
  Orcish Mines |   2447 |   1981 |    466 |    236 |   1272 |   2 | 1223.5 |
        Vaults |   4915 |   4415 |    500 |    326 |   3139 |   4 | 1228.8 |
        Depths |   6075 |   5062 |   1013 |    503 |   3171 |   4 | 1518.8 |
           Zot |   6449 |   5867 |    582 |   1147 |   2624 |   5 | 1289.8 |
        Bazaar |    177 |    177 |      0 |      0 |     80 |   1 |  177.0 |
        Bailey |   1140 |   1140 |      0 |    283 |    576 |   1 | 1140.0 |
       Volcano |    296 |    296 |      0 |     70 |      5 |   1 |  296.0 |
               +--------+--------+--------+--------+--------+-----+--------+

Top non-repeatable levels by time:
 Snake:3: 2139 daAuts
 Snake:4: 1966 daAuts
    D:15: 1956 daAuts
Depths:2: 1828 daAuts
  Lair:5: 1811 daAuts
Depths:3: 1714 daAuts
Vaults:1: 1605 daAuts
     D:4: 1573 daAuts
Depths:4: 1515 daAuts
   Zot:2: 1496 daAuts
   Zot:3: 1467 daAuts
 Snake:1: 1429 daAuts
  Lair:3: 1409 daAuts
Shoals:1: 1401 daAuts
     D:9: 1386 daAuts

Levels and vault maps discovered:
D:1:      onia_arrival_mini_spirals, layout_basic
D:2:      layout_rooms, serial_shops, shop, nicolae_ecumenical_snake_handling,
          st_stairs_1
D:3:      layout_rooms, mainiacjoe_overflow_surrounded_room,
          chequers_serial_rivers_large_a, uniq_grinder
D:4:      layout_basic, minmay_temple_entry_hall, uniq_pikel
D:5:      layout_basic, mainiacjoe_overflow_tiny_flanked, chequers_avenue
D:6:      layout_cave_pools, uniq_sigmund
D:7:      layout_loops_corners, kennysheep_little_box, enter_bailey_6,
          uniq_maggie, uniq_joseph, uniq_duvessa
D:8:      layout_gridville, uniq_jeremiah
D:9:      wander_kiku_kobolds, layout_rooms, vehumet_altar_wand_db,
          serial_shops, nicolae_shop_getting_attention,
          nicolae_shop_behind_doors, nicolae_diamond_shop, shop, minmay_puff,
          uniq_erica
D:10:     layout_roguey, kennysheep_generic_room_8, uniq_erolcha
D:11:     layout_gridville
D:12:     layout_loops_corners, hiddenorc1_lemuel, uniq_azrael
D:13:     layout_roguey [special_room_orc], grunt_vaults_entry_fortified,
          serial_shops, shop
D:14:     layout_roguey, fedhas_altar_2, uniq_agnes
D:15:     grunt_enter_depths_snipers, layout_basic,
          nicolae_trove_entry_free_sample
Lair:1:   layout_chaotic_city, gauntlet_entry_generic, st_stairs_4,
          fungi_pond_lemuel, lemuel_fruit_tree
Lair:2:   layout_roguey, minmay_shoals_entry_lonely_mermaid,
          serial_bayou_shore_b
Lair:3:   layout_roguey, alex1729_snake_entry_snake, special_room
          [special_room_mythical_zoo], dreamdust_wasp_nest,
          infiniplex_staircase_pool_2
Lair:4:   layout_hall_layers, grunt_megastairs_2
Lair:5:   evilmike_catoblepas_cave, layout_gridlike, dpeg_slime_entry_corner,
          serial_bayou_shore_a, uniq_urug
Shoals:1: layout_shoals, nicolae_shoals_nymph_descending_staircase
Shoals:2: layout_shoals, uniq_polyphemus
Shoals:3: layout_shoals, nicolae_shoals_enchanted_isle, uniq_mlioglotl
Shoals:4: shoals_end_hangedman, layout_shoals, shoals_ilsuiw_alternative
Snake:1:  layout_grid_maze
Snake:2:  layout_misc_corridors, portal_ice_cave_entry_frozen_things,
          ebering_ghost_disaster_area
Snake:3:  onia_ninara_swampy_vault, layout_gridlike, uniq_jorgrun, uniq_vashnia,
          uniq_louise
Snake:4:  johnstein_snake_rune_scales, layout_basic, minmay_shop_mass, drop_trap
Slime:1:  layout_caves
Slime:2:  layout_caves
Slime:3:  layout_caves
Slime:4:  layout_caves
Slime:5:  slime_pit_nicolae_jellycorners
Orc:1:    dreamdust_wu_jian_sword_trials, layout_caves, serial_shops,
          nicolae_shop_pleasant_corner_grove, uniq_josephine
Orc:2:    st_orc_elflike, layout_caves, lightli_volcano_entry_magma_tube,
          minmay_orc_barracks
Vaults:1: nicolae_vaults_ellipses_ellipsis, grunt_tower_of_power,
          nicolae_vaults_tetromino_L_2, nicolae_vaults_storage_room_water,
          nicolae_vaults_taking_the_gang_shopping, v_alt_pattern_6,
          nicolae_vaults_little_squares_1, nicolae_vaults_bisected_exclaves,
          hangedman_vaults_trim, grunt_vaults_hallway_short,
          nicolae_vaults_surprise_closet, vaults_dpeg_ring,
          vaults_dpeg_emergency_exit, v_misc_22, layout_vaults_omnicross
Vaults:2: minmay_crypt_entry_simple_corners, v_alt_pattern_3,
          nicolae_vaults_little_squares_4, vaults_room_pools,
          nicolae_vaults_offset_grid_hallway_4, serial_ice_b,
          nicolae_vaults_frosty_reception, nicolae_vaults_diamond_2,
          nicolae_vaults_oval_intersection, nicolae_vaults_oval_intersection,
          vaults_room_grid, hangedman_vaults_nails, nicolae_vaults_house_2,
          layout_vaults_ring
Vaults:3: hangedman_vaults_impose, v_rooms_4, grunt_vaults_hallway_short,
          nicolae_vaults_tetromino_T_2, grunt_vaults_focal, v_rooms_4,
          ontoclasm_vaults_spin, v_alt_pattern_4,
          nicolae_vaults_heart-shaped_vault, nicolae_vaults_apartment_2,
          nicolae_vaults_six-pack, vaults_mumra_minichess, layout_vaults_omnibox
Vaults:4: nicolae_vaults_house_1, nicolae_vaults_what_the_h,
          vaults_standard_mumra_enter_the_diamond, vaults_room_fours,
          vaults_room_stairs_pillars, v_misc_11, ontoclasm_vaults_ring_large,
          nicolae_vaults_hexular_roomagon, vaults_room_semicircle,
          nicolae_vaults_tangram_2, layout_vaults_maze_bifur, serial_shops,
          nicolae_shop_peninsula
Depths:1: layout_cave_pools, ziggurat_fallback, serial_shops, freezing_bzr,
          hangedman_coc_ice_floe, chequers_serial_rivers_large_b,
          nemelex_spade_bored_becter, uniq_nikola
Depths:2: minmay_nine_rooms, layout_cave_shapes, pan_entry, abyss_entry_crystal,
          hangedman_geh_valley, small_statue_intersection, zin_angel
Depths:3: ragdoll_tomb_raider, layout_gridlike, serial_glass, glass_columns_a,
          glass_columns_a, nicolae_elyvilon_peaceful_grove,
          minmay_room_of_horrors, hell_entry, grunt_guarded_unrand_obsidian_axe,
          firewood_loft, uniq_frederick, uniq_josephina, uniq_vv
Depths:4: grunt_zot_entry_funnels, layout_gridlike, hellmouth_3,
          minmay_misc_feat_rows
Zot:1:    regret_index_zot_pan_timeshare, layout_misc_corridors,
          grunt_ministairs_15
Zot:2:    layout_twisted_circle,
          regret_index_zotdec_abyssal_contain_seething_sorcery
Zot:3:    gammafunk_dig_for_victory, layout_cathedral_of_symmetry,
          skrybe_zot_glass_2
Zot:4:    layout_misc_corridors, regret_index_zotdec_serpentine_coiled
Zot:5:    layout_cellular_growth

Table legend: (Time is in decaauts)
 A = Elapsed time spent in this place.
 B = Non-inter-level travel time spent in this place.
 C = Inter-level travel time spent in this place.
 D = Time resting spent in this place.
 E = Time spent auto-exploring this place.
 F = Levels seen in this place.
 G = Mean time per level.
                   A        B        C        D        E       F      G
               +--------+--------+--------+--------+--------+-----+--------+
         Total |  58856 |  52739 |   6117 |   7261 |  33132 |  51 | 1154.0 |
       Dungeon |  18445 |  16243 |   2202 |   1516 |  11635 |  15 | 1229.7 |
          Lair |   6061 |   5323 |    738 |    373 |   3899 |   5 | 1212.2 |
        Shoals |   5081 |   4730 |    351 |    460 |   3451 |   4 | 1270.2 |
     Snake Pit |   6842 |   6611 |    231 |   2170 |   3092 |   4 | 1710.5 |
    Slime Pits |    921 |    889 |     32 |    174 |    187 |   5 |  184.2 |
  Orcish Mines |   2447 |   1981 |    466 |    236 |   1272 |   2 | 1223.5 |
        Vaults |   4915 |   4415 |    500 |    326 |   3139 |   4 | 1228.8 |
        Depths |   6075 |   5062 |   1013 |    503 |   3171 |   4 | 1518.8 |
           Zot |   6449 |   5867 |    582 |   1147 |   2624 |   5 | 1289.8 |
        Bazaar |    177 |    177 |      0 |      0 |     80 |   1 |  177.0 |
        Bailey |   1140 |   1140 |      0 |    283 |    576 |   1 | 1140.0 |
       Volcano |    296 |    296 |      0 |     70 |      5 |   1 |  296.0 |
               +--------+--------+--------+--------+--------+-----+--------+

Top non-repeatable levels by time:
 Snake:3: 2139 daAuts
 Snake:4: 1966 daAuts
    D:15: 1956 daAuts
Depths:2: 1828 daAuts
  Lair:5: 1811 daAuts
Depths:3: 1714 daAuts
Vaults:1: 1605 daAuts
     D:4: 1573 daAuts
Depths:4: 1515 daAuts
   Zot:2: 1496 daAuts
   Zot:3: 1467 daAuts
 Snake:1: 1429 daAuts
  Lair:3: 1409 daAuts
Shoals:1: 1401 daAuts
     D:9: 1386 daAuts

Table legend:
 A = Kills in this place as a percentage of kills in the entire game.
 B = Kills by you in this place as a percentage of kills by you in the entire game.
 C = Kills by friends in this place as a percentage of kills by friends in the entire game.
 D = Other kills in this place as a percentage of other kills in the entire game.
 E = Experience gained in this place as a percentage of experience gained in the entire game.
 F = Experience gained in this place divided by the number of levels of this place that you have seen.
                   A       B       C       D       E      F
               +-------+-------+-------+-------+-------+----------------------
         Total | 100.0 | 100.0 | 100.0 | 100.0 | 100.0 | 22207.2
       Dungeon |  25.9 |  26.7 |  23.7 |   8.3 |   7.8 | 5891.4
          Lair |   9.2 |   9.0 |  10.0 |   8.3 |   5.5 | 12536.8
        Shoals |   8.3 |   8.2 |   9.2 |   0.0 |   8.2 | 23130.2
     Snake Pit |   9.8 |   9.8 |   9.2 |  16.7 |  10.5 | 29783.0
    Slime Pits |   1.8 |   1.5 |   3.2 |   0.0 |   2.8 | 6284.6
  Orcish Mines |   5.9 |   6.0 |   5.0 |  12.5 |   2.0 | 11078.0
        Vaults |  11.7 |  11.5 |  12.1 |  16.7 |  13.7 | 38653.8
        Depths |  10.7 |  10.7 |  10.0 |  20.8 |  14.8 | 42039.0
           Zot |  13.8 |  13.9 |  13.2 |  16.7 |  34.0 | 77078.2
        Bailey |   2.2 |   2.1 |   2.9 |   0.0 |   0.2 | 2795.0
       Volcano |   0.7 |   0.6 |   1.3 |   0.0 |   0.5 | 5323.0
               +-------+-------+-------+-------+-------+----------------------
